 Dungeon Crawl Stone Soup version 0.26-a0-284-g73c0fb6129 (webtiles) character file.

Game seed: 6167811144194370218

1637039 Infinimo the Meteorologist (level 27, -28/214 HPs)
             Began as a Gargoyle Earth Elementalist on July 12, 2020.
             Was the Champion of Jiyva.
             Killed from afar by a deep elf high priest (29 damage)
             ... with damnation
             ... summoned by an infernal corrupter
             ... on level 24 of a ziggurat on July 13, 2020.
             The game lasted 10:09:31 (223546 turns).

Infinimo the Meteorologist (GrEE)                 Turns: 223546, Time: 10:09:32

Health: -28/214    AC: 77    Str: 30    XL:     27
Magic:  42/54      EV: 15    Int: 29    God:    Jiyva [******]
Gold:   11836      SH: 23    Dex:  9    Spells: 31/80 levels left

rFire    + + +     SeeInvis +   S - staff of energy
rCold    + + +     Faith    .   A - +6 kite shield of Fuil {Regen+ Str+2}
rNeg     + + +     Spirit   .   O - +8 orange crystal plate armour {Archmagi, Int+3 Clar}
rPois    ∞         Reflect  .   d - +0 hat "Polokhyi" {rC+ Str+2} (curse)
rElec    +         Harm     .   N - scarf {rC+ rF+}
rCorr    +         Clarity  +   Y - +2 pair of gloves {Dex+3}
MR       ++++.                  J - +2 pair of boots {run}
Stlth    ..........             n - amulet of Vitality {Regen+ HP+15}
HPRegen  1.25/turn              b - ring "Decymeiq" {+Blink rF++ rN+++ Str+6 Dex-5 SInv}
MPRegen  0.34/turn              y - ring of Yrchomnua {rF+ rC+ Int+6 SInv Stlth-}

@: lich-form, weakened, flying, very slightly contaminated, slowed, studying 2
skills, very slow
A: big wings, thin metallic scales 1, magic resistance 1, mutation resistance 1,
negative energy resistance 1, sense surroundings 2, electricity resistance,
unbreathing, eyeballs 2, gelatinous body 1, petrification resistance, rot
immunity, AC +20
}: 14/15 runes: serpentine, barnacled, slimy, silver, iron, obsidian, icy, bone,
abyssal, demonic, glowing, magical, fiery, dark
a: Stop Flying, End Transformation, Request Jelly, Slimify, Cure Bad Mutation,
Renounce Religion, Evoke Blink


You were on level 24 of a ziggurat.
You worshipped Jiyva.
Jiyva was exalted by your worship.
You were a lich.
You visited 18 branches of the dungeon, and saw 89 of its levels.
You visited Pandemonium 3 times, and saw 27 of its levels.
You visited the Abyss 5 times.
You visited 1 ziggurat, and saw 24 of its levels.
You also visited: Trove and Gauntlet.

You collected 68085 gold pieces.
You spent 15171 gold pieces at shops.
You paid 41078 gold pieces to Gozag.

Inventory:

Hand Weapons
 m - the +8 lance "Wyrmbane" {slay drac, rPois rF+ rC+ AC+3}
   (You acquired it on level 15 of a ziggurat)

   It affects your AC (+3).
   It protects you from fire.
   It protects you from cold.
   It protects you from poison.
 T - the +3 Elemental Staff {rElec rF++ rC++ MR++ AC+5}
   (You found it on level 18 of a ziggurat)

   It affects your AC (+5).
   It greatly protects you from fire.
   It greatly protects you from cold.
   It insulates you from electricity.
   It affects your resistance to hostile enchantments.
 U - the +10 dark maul {vorpal}
   (You found it on level 19 of a ziggurat)

   It inflicts extra damage upon your enemies.
 X - the +7 Singing Sword {vorpal, sonic wave}
   (You found it on level 6 of a ziggurat)

   It inflicts extra damage upon your enemies.
Armour
 d - the cursed +0 hat "Polokhyi" (worn) {rC+ Str+2}
   (You found it on level 10 of a ziggurat)

   It affects your strength (+2).
   It protects you from cold.
   It has a curse placed upon it.
 g - the +3 warlock's mirror {reflect}
   (You acquired it on level 2 of the Shoals)
 A - the +6 kite shield of Fuil (worn) {Regen+ Str+2}
   (You found it on level 19 of a ziggurat)

   It affects your strength (+2).
   It increases your rate of regeneration.
 H - a scarf of repulsion
 J - a +2 pair of boots of running (worn)
 N - a scarf of resistance (worn)
 O - the +8 orange crystal plate armour (worn) {Archmagi, Int+3 Clar}
   (You bought it in a shop on level 5 of the Lair of Beasts)

   It affects your intelligence (+3).
   It protects you against confusion.
 Q - the +0 helmet of a bailey {rN+ MR- Int+5}
   (You found it in a Gauntlet)

   It affects your intelligence (+5).
   It protects you from negative energy.
   It affects your resistance to hostile enchantments.
 Y - a +2 pair of gloves of dexterity (worn)
Magical Staves
 S - an uncursed staff of energy (weapon)
Jewellery
 a - the ring of the Mage {Wiz MR++ Int+3}
   (You bought it in a shop on level 2 of the Vaults)

   [ring of wizardry]

   It improves your spell success rate.
   It affects your intelligence (+3).
   It affects your resistance to hostile enchantments.
 b - the ring "Decymeiq" (left hand) {+Blink rF++ rN+++ Str+6 Dex-5 SInv}
   (You bought it in a shop on level 2 of the Lair of Beasts)

   [ring of strength]

   It affects your strength (+6).
   It affects your dexterity (-5).
   It greatly protects you from fire.
   It renders you almost immune to negative energy.
   It lets you see invisible.
   It lets you blink.
 n - the amulet of Vitality (around neck) {Regen+ HP+15}
   (You bought it in a shop on level 2 of the Vaults)

   [amulet of regeneration]

   It affects your health (+15).
   It increases your rate of regeneration.
 o - the ring "Pogew" {rF+ rN+ Str+3}
   (You found it in a treasure trove)

   [ring of protection from fire]

   It affects your strength (+3).
   It protects you from fire.
   It protects you from negative energy.
 y - the ring of Yrchomnua (right hand) {rF+ rC+ Int+6 SInv Stlth-}
   (You acquired it on level 2 of the Shoals)

   [ring of protection from fire]

   It affects your intelligence (+6).
   It protects you from fire.
   It protects you from cold.
   It lets you see invisible.
   It makes you less stealthy.
 G - the ring of Piwk {rPois rF+ rC+ Int+2}
   (You took it off a deep elf archer on level 3 of the Elven Halls)

   [ring of poison resistance]

   It affects your intelligence (+2).
   It protects you from fire.
   It protects you from cold.
   It protects you from poison.
Wands
 c - a wand of polymorph (30)
 q - a wand of acid (70)
 t - a wand of digging (19)
 D - a wand of disintegration (119)
Scrolls
 h - 4 scrolls of enchant armour
 j - 7 scrolls of magic mapping
 u - 24 scrolls of remove curse
 v - 2 scrolls of teleportation
 z - 15 scrolls of amnesia
 B - 10 scrolls of enchant weapon
 C - 2 scrolls of fear
 F - 17 scrolls of fog
 P - 2 scrolls of brand weapon
 Z - 2 scrolls of blinking
Potions
 e - 10 potions of brilliance
 f - 3 potions of experience
 k - 2 potions of haste
 r - a potion of resistance
 w - 2 potions of magic
 E - 11 potions of mutation
 I - 2 potions of invisibility
 K - 12 potions of ambrosia
 L - 5 potions of heal wounds
 M - 14 potions of curing
 W - 6 potions of cancellation
Books
 l - a manual of Shields
 x - a manual of Polearms
Miscellaneous
 i - the horn of Geryon


   Skills:
 O Level 27 Fighting
 O Level 27 Armour
 * Level 17.0 Dodging
 - Level 2.1 Stealth
 * Level 22.1 Shields
 O Level 27 Spellcasting
 O Level 27 Conjurations
 O Level 27 Necromancy
 - Level 22.3 Transmutations
 O Level 27 Air Magic
 O Level 27 Earth Magic
 - Level 22.8 Evocations


You had 31 spell levels left.
You knew the following spells:

 Your Spells              Type           Power        Failure   Level
a - Sandblast             Erth           ######       0%          1
b - Stone Arrow           Conj/Erth      ######       0%          3
c - Petrify               Tmut/Erth      ########     0%          4
d - Lee's Rapid Deconstr  Erth           ########..   0%          5
e - Leda's Liquefaction   Hex/Erth       ########..   1%          4
f - Tornado               Air            ########..   5%          9
g - Iron Shot             Conj/Erth      ########..   0%          6
h - Necromutation         Tmut/Necr      #########.   1%          8
i - Shatter               Erth           ########..   5%          9

Your spell library contained the following spells:

 Spells                   Type           Power        Failure   Level
 Animate Skeleton         Necr           ######       0%          1
 Beastly Appendage        Tmut           ######       0%          1
 Foxfire                  Conj/Fire      ####         0%          1
 Magic Dart               Conj           ####         0%          1
 Pain                     Necr           ####         0%          1
 Shock                    Conj/Air       ####         0%          1
 Corpse Rot               Necr/Air       N/A          0%          2
 Passwall                 Tmut/Erth      ########     0%          2
 Searing Ray              Conj           ######       0%          2
 Sticks to Snakes         Tmut           ########     0%          2
 Mephitic Cloud           Conj/Pois/Air  ########     0%          3
 Static Discharge         Conj/Air       ########     0%          3
 Vampiric Draining        Necr           #########.   0%          3
 Airstrike                Air            ########..   0%          4
 Animate Dead             Necr           #########.   0%          4
 Dispel Undead            Necr           ########     0%          4
 Agony                    Necr           ########     0%          5
 Blade Hands              Tmut           ########..   0%          5
 Borgnjor's Vile Clutch   Necr/Erth      #########.   0%          5
 Irradiate                Conj/Tmut      ########..   0%          5
 Lightning Bolt           Conj/Air       ########..   0%          5
 Conjure Ball Lightning   Conj/Air       ########..   0%          6
 Death Channel            Necr           #########.   0%          6
 Sting                    Tmut/Pois      ####         1%          1
 Poisonous Vapours        Pois/Air       ######       1%          2
 Swiftness                Chrm/Air       ########     1%          2
 Conjure Flame            Conj/Fire      ########     1%          3
 Dazzling Flash           Conj/Hex       ######       1%          3
 Ignite Poison            Fire/Tmut/Pois #######.     1%          3
 Spider Form              Tmut/Pois      ########..   1%          3
 Fulminant Prism          Conj/Hex       ########..   1%          4
 Hailstorm                Conj/Ice       ########     1%          4
 Ice Form                 Ice/Tmut       ########     1%          4
 Iskenderun's Mystic Bla  Conj/Tloc      ########     1%          4
 Sticky Flame             Conj/Fire      ########     1%          4
 Summon Lightning Spire   Summ/Air       ########     1%          4
 Alistair's Intoxication  Tmut/Pois      ########     1%          5
 Bolt of Magma            Conj/Fire/Erth ########..   1%          5
 Excruciating Wounds      Chrm/Necr      ########..   1%          5
 Fireball                 Conj/Fire      ########..   1%          5
 Iskenderun's Battlesphe  Conj/Chrm      ########     1%          5
 Silence                  Hex/Air        ########..   1%          5
 Freezing Cloud           Conj/Ice/Air   ########..   1%          6
 Hydra Form               Tmut           ########..   1%          6
 Simulacrum               Ice/Necr       ########..   1%          6
 Starburst                Conj/Fire      ########..   1%          6
 Dragon Form              Tmut           ########..   1%          7
 Orb of Destruction       Conj           ########..   1%          7
 Borgnjor's Revivificati  Necr           #########.   1%          8
 Chain Lightning          Conj/Air       ########..   1%          8
 Infestation              Necr           #########.   1%          8
 Lehudib's Crystal Spear  Conj/Erth      ########..   1%          8
 Apportation              Tloc           ######       3%          1
 Corona                   Hex            ######.      3%          1
 Freeze                   Ice            ####         3%          1
 Infusion                 Chrm           ####         3%          1
 Summon Butterflies       Summ           ######..     3%          1
 Summon Small Mammal      Summ           ####         3%          1
 Blink                    Tloc           N/A          4%          2
 Call Imp                 Summ           ######..     4%          2
 Ensorcelled Hibernation  Hex/Ice        ######       4%          2
 Slow                     Hex            ######..     4%          2
 Eringya's Noxious Bog    Tmut/Pois      ########..   5%          6
 Call Canine Familiar     Summ           ######..     10%         3
 Confusing Touch          Hex            ######..     10%         3
 Frozen Ramparts          Ice            ######       10%         3
 Gell's Gravitas          Tloc           ######....   10%         3
 Inner Flame              Hex/Fire       ######..     10%         3
 Lesser Beckoning         Tloc           ######....   10%         3
 Ozocubu's Armour         Chrm/Ice       ######..     10%         3
 Portal Projectile        Hex/Tloc       ######       10%         3
 Recall                   Summ/Tloc      N/A          10%         3
 Spectral Weapon          Hex/Chrm       ######..     10%         3
 Summon Guardian Golem    Hex/Summ       ######..     10%         3
 Tukima's Dance           Hex            ######..     10%         3
 Haunt                    Necr/Summ      ########..   11%         7
 Spellforged Servitor     Conj/Summ      ########..   11%         7
 Cause Fear               Hex            ######....   32%         4
 Olgreb's Toxic Radiance  Pois           ######..     32%         4
 Passage of Golubria      Tloc           N/A          32%         4
 Summon Ice Beast         Ice/Summ       ######..     32%         4
 Death's Door             Chrm/Necr      ########..   65%         8
 Aura of Abjuration       Summ           ######....   67%         5
 Metabolic Englaciation   Hex/Ice        ######....   67%         5
 Summon Forest            Summ/Tloc      ######....   67%         5
 Summon Mana Viper        Hex/Summ       ######..     67%         5
 Darkness                 Hex            ######....   99%         6
 Dispersal                Tloc           ######....   99%         6
 Invisibility             Hex            ######..     99%         6
 Ozocubu's Refrigeration  Ice            ######....   99%         6
 Shadow Creatures         Summ           N/A          99%         6
 Ring of Flames           Chrm/Fire      ######....   100%        7
 Summon Hydra             Summ           ######....   100%        7
 Controlled Blink         Tloc           N/A          100%        8
 Discord                  Hex            ######....   100%        8
 Disjunction              Tloc           ######....   100%        8
 Ignition                 Fire           ######....   100%        8
 Absolute Zero            Ice            ######....   100%        9
 Dragon's Call            Summ           ######....   100%        9
 Fire Storm               Conj/Fire      ########..   100%        9
 Sublimation of Blood     Necr           Unusable     N/A         2
 Statue Form              Tmut/Erth      Unusable     N/A         6

Dungeon Overview and Level Annotations

Branches:
Dungeon (15/15)            Temple (1/1) D:4            Lair (6/6) D:9
 Shoals (4/4) Lair:2        Snake (4/4) Lair:3        Slime (5/5) Lair:5
    Orc (2/2) D:11            Elf (3/3) Orc:2        Vaults (5/5) D:14
  Crypt (3/3) Vaults:2       Tomb (2/3) Crypt:3      Depths (5/5) D:15
   Hell (visited)             Dis (7/7) Hell            Geh (7/7) Hell
    Coc (7/7) Hell            Tar (7/7) Hell            Zot (5/5) Depths:5
Gauntlet (visited)

Altars:
Ashenzari
Cheibriados
Dithmenos
Elyvilon
Fedhas
Gozag
Hepliaklqana
Kikubaaqudgha
Makhleb
Nemelex Xobeh
Okawaru
Qazlal
Ru
Sif Muna
Trog
Uskayaw
Vehumet
Wu Jian
Xom
Yredelemnul
Zin
The Shining One
Beogh
Jiyva
Lugonu

Shops:
D:6 }[(   D:13 !*!   Orc:2 =[}(*   Elf:2 (   Lair:2 =   Lair:5 [[   Shoals:1 *
Shoals:3 :   Slime:2 =!   Slime:3 *   Vaults:1 [   Vaults:2 [=[   Vaults:3 }:
Vaults:4 =?   Hell [==   Depths:1 [(   Depths:4 [   Depths:5 =}

Portals:
Hell: Depths:1 Depths:2 Depths:3 Depths:4 Depths:5
Abyss: Depths:1 Depths:4 Depths:5
Pandemonium: Depths:2 Depths:3 Depths:4

Annotations:
Depths:3 3 runed translucent doors


Innate Abilities, Weirdness & Mutations

You are resistant to torment.
Your stone body is resilient. (AC +20)
You are immune to poison.
Your large and strong wings let you fly indefinitely.
You resist negative energy. (rN+)
You are resistant to electric shocks. (rElec)
You can survive without breathing.
You are immune to petrification.
You are immune to rotting.
You are partially covered in thin metallic scales. (AC +2)
You are resistant to hostile enchantments. (MR+)
You are somewhat resistant to further mutation.
You passively map the area around you.
Your body has grown many golden eyes which may confuse attackers. (Acc +5)
Your rubbery body absorbs attacks. (AC +1, EV +1)


Message History

The deep elf blademaster suddenly seems more agile.
The ufetubus seems to speed up.
The ufetubus suddenly seems more agile.
The Tzitzimitl calls on the powers of darkness!
The nagaraja convulses!
You feel a surge of unholy energy.
The deep elf blademaster convulses!
The deep elf high priest convulses!
The acid blob convulses!
The ynoxinul gestures at you. The iron shot hits you.
* * * LOW HITPOINT WARNING * * *
The Hell Sentinel gestures at you.
The sphere of damnation explodes!
The damnation engulfs you!!
* * * LOW HITPOINT WARNING * * *
The damnation engulfs the hellion.
The hellion completely resists.
A Brimstone Fiend comes into view.
The torturous warmonger hits you from afar with a +6 glaive of flaming!
* * * LOW HITPOINT WARNING * * *
A sun demon comes into view.
The deep elf high priest mumbles some strange prayers to its god against you.
The sphere of damnation explodes!
The damnation engulfs you!!
You die...

*, , , ▓.............▓
▓.............▓
▓.............▓
▓.............▓
▓.............▓ *
▓▓▓▓▓▓▓.............▓▓▓▓
*,,,
........................
,
......2L......§.....§1..
, ,
,............1.....2s62°1
*,
.....653.....6N...1..1.2
,
........21.1.6..&..612°V
......63.266.6..2.....°N
> ,
,.......2252.6eee........
.......2...6s6.2....2...
, ,
,.....4.4..1.13..........
, ,, ,, ....3............


You could see 2 Hell Sentinels, 2 Tzitzimimeh, a deep elf blademaster (summoned,
agile), a Brimstone Fiend (slow), 2 demonspawn, a nagaraja (summoned), a
lorocyproca (fast, agile, invisible), a reaper (inner flame), a green death
(strong), 4 demonspawn, 2 demonspawn, a blizzard demon, a gelid blood saint
(icemail), a demonic crawler (strong), a sun demon, 2 shadow demons, an infernal
demonspawn, a deep elf high priest (summoned), 2 rust devils, a smoke demon
(resistant), a hellion (resistant), a ynoxinul (resistant) and 2 ufetubi.

Vanquished Creatures
  Cerebov (Pan)
  Antaeus (Coc:7)
  Asmodeus (Geh:7)
  Dissolution (Slime:3)
  the Royal Jelly (Slime:5)
  Ignacio (Pan)
  Ereshkigal (Tar:7)
  Gloorx Vloq (Pan)
  Lom Lobon (Pan)
  A seraph (Pan)
  Mnoleg (Pan)
  Dispater (Dis:7)
  4 orbs of fire
  10 ancient liches
  Mennas (Tomb:1)
  Mara (Tomb:1)
  4 juggernauts
  Sojobo (Depths:4)
  24 greater mummies
  18 shard shrikes
  8 Killer Klowns
  Bai Suzhen (Vaults:5)
  29 pandemonium lords
  Margery (Depths:1)
  A caustic shrike (shapeshifter) (Zig:18)
  4 curse toes
  A caustic shrike (Depths:3)
  Geryon (Hell)
  22 golden dragons
  3 profane servitors
  8 pearl dragons
  Jory (Tomb:1)
  29 bone dragons
  66 Brimstone Fiends
  17 doom hounds
  4 electric golems
  70 Tzitzimimeh
  27 liches
  A hellephant (Abyss:2)
  25 Hell Sentinels
  21 tentacled monstrosities
  12 iron giants
  32 Ice Fiends
  5 deep elf blademasters
  8 titans
  21 Orb Guardians (Zot:5)
  A kraken (Shoals:1)
  6 quicksilver dragons
  2 eldritch tentacles (Pan)
  8 death cobs
  29 acid blobs
  A deep elf master archer (Elf:3)
  33 ancient champions
  26 tentacled starspawn
  Agnes (Elf:1)
  16 sphinxes
  38 Executioners
  Kirke (Lair:3)
  4 thorn hunters
  Polyphemus (Shoals:4)
  24 shadow dragons
  15 storm dragons
  2 draconian monks
  10 azure jellies
  19 daevas
  Donald (Vaults:3)
  5 revenants
  7 frost giants
  2 orc warlords
  9 tengu reavers
  22 vault wardens
  8 deep elf sorcerers
  16 nagarajas
  2 fire giants (shapeshifter)
  12 draconian scorchers
  4 ghost moths
  14 ghouls
  14 fire giants
  65 balrugs
  Louise (Shoals:3)
  Aizul (Snake:3)
  28 very ugly things
  10 iron dragons
  4 draconian knights
  2 caustic shrike zombies
  9 war gargoyles
  8 draconian shifters
  50 cacodemons
  10 deep elf elementalists
  10 draconian annihilators
  4 draconian stormcallers
  15 warmongers
  13 ironheart preservers
  A juggernaut zombie (Zig:17)
  6 elemental wellsprings
  32 angels
  180 reapers
  7 curse skulls
  A spriggan defender (Depths:3)
  2 caustic shrike skeletons
  A stone giant (shapeshifter) (Zig:18)
  17 ophanim
  10 blood saints
  17 corrupters (Pan)
  2 juggernaut skeletons
  26 apis (Pan)
  23 vampire knights
  9 deep elf demonologists
  The ghost of brujo666 the Peltast, a journeyman DsFi of Uskayaw (Lair:6)
  28 stone giants
  An entropy weaver (Abyss:4)
  14 green draconians
  10 bennus
  14 black draconians
  13 deep elf annihilators
  15 white draconians
  A dire elephant (Depths:2)
  18 purple draconians
  11 red draconians
  25 lorocyprocas
  21 black suns (Pan)
  9 spark wasps
  A minotaur (Gauntlet)
  16 yellow draconians
  A spark wasp (shapeshifter) (Depths:1)
  15 mummy priests
  42 blizzard demons
  4 crystal guardians
  18 ettins
  50 green deaths
  14 quicksilver dragon zombies
  11 death oozes
  13 merfolk javelineers
  16 deep elf death magi
  22 merfolk impalers
  14 fire dragons
  2 kraken zombies
  A great orb of eyes (shapeshifter) (Vaults:4)
  22 jiangshi
  10 deep elf high priests
  16 ogre magi
  37 vault guards
  8 hell beasts
  The ghost of loom the Thaumaturge, a journeyman DgCj (D:10)
  12 quicksilver dragon skeletons
  18 monstrous demonspawn (Pan)
  29 yaktaur captains
  17 great orbs of eyes
  32 ice dragons
  Fannar (Orc:2)
  23 hydras
  7 ghost crabs
  2 spriggan air magi (Depths:3)
  3 shambling mangroves
  19 naga warriors
  27 anacondas
  6 merfolk avatars
  10 alligator snapping turtles
  11 centaur warriors
  6 death knights
  14 merfolk aquamancers
  11 deep troll shamans
  19 rakshasas
  5 catoblepae
  40 two-headed ogres
  16 vampire magi
  8 deep troll earth magi
  6 tengu warriors
  9 death scarabs
  8 dancing weapons
  2 alligators
  12 death yaks
  9 satyrs
  Urug (Lair:5)
  4 spriggan berserkers
  16 titan zombies
  An orc high priest (Orc:1)
  37 thrashing horrors
  75 hell hogs
  A shock serpent (shapeshifter) (Depths:3)
  169 sun demons
  19 naga sharpshooters
  5 iron golems
  Nergalle (D:10)
  Sonja (D:11)
  11 shock serpents
  284 skeletal warriors
  15 titan skeletons
  17 storm dragon zombies
  6 spriggans
  17 deep elf knights
  84 soul eaters
  9 spatial maelstroms
  54 sixfirhies
  26 wretched stars
  An unseen horror (shapeshifter) (Depths:5)
  An iron troll (shapeshifter) (Zig:18)
  6 salamander mystics
  14 iron trolls (Dis:7)
  29 torturous demonspawn (Pan)
  24 sea snakes
  10 shadow wraiths
  2 glowing orange brains (shapeshifter)
  11 storm dragon skeletons
  20 anaconda zombies
  9 glowing orange brains
  18 cherubim
  9 death drakes
  7 ghost moth zombies
  An obsidian statue (Zig:3)
  9 unseen horrors
  9 wizards
  18 gelid demonspawn (Pan)
  121 hell knights
  5 deep trolls
  36 flayed ghosts
  5 spriggan druids
  12 golden dragon zombies
  55 shadow demons
  17 swamp dragons
  8 naga ritualists
  9 deep elf archers
  17 golden dragon skeletons
  23 infernal demonspawn (Pan)
  A lindwurm (shapeshifter) (Vaults:1)
  42 phantasmal warriors
  89 starcursed masses
  18 ironbrand convokers
  A sphinx zombie (Zig:21)
  18 anaconda skeletons
  16 iron dragon zombies
  2 orange crystal statues (Zig:3)
  2 harpies (shapeshifter)
  10 lindwurms
  16 shadow dragon skeletons
  22 orc knights
  31 necromancers
  11 mana vipers
  25 harpies
  16 fire giant zombies
  35 fauns
  A spectral ettin (Crypt:3)
  19 wolf spider zombies
  2 shining eyes
  3 orb spiders
  7 tengu skeletons
  3 orc sorcerers
  A manticore (shapeshifter) (Depths:3)
  73 deep elf magi
  11 shadow dragon zombies
  51 ugly things
  7 cyclopes
  12 stone giant zombies
  11 salamanders
  8 wolf spiders
  31 manticores
  18 frost giant zombies
  A faun (shapeshifter) (Depths:1)
  29 moths of wrath
  18 fire giant skeletons
  20 stone giant skeletons
  12 dire elephant zombies
  16 iron dragon skeletons
  14 merfolk sirens
  13 worldbinders
  A black mamba (shapeshifter) (Depths:3)
  15 frost giant skeletons
  19 guardian serpents
  9 shock serpent zombies
  20 naga magi
  10 elephants
  110 smoke demons
  13 vault sentinels
  22 molten gargoyles
  29 water nymphs
  6 apocalypse crabs
  86 rust devils
  21 cane toads
  3 titan simulacra
  2 eyes of devastation (Slime:4)
  3 centaur zombies
  2 spriggan skeletons (Depths:4)
  6 torpor snails
  An ice statue (Zig:3)
  10 dire elephant skeletons
  6 catoblepas zombies
  Maurice (D:11)
  60 orange demons
  A gargoyle (D:14)
  49 black mambas
  A black draconian zombie (Crypt:2)
  3 shock serpent skeletons
  7 emperor scorpion zombies
  A yaktaur zombie (Depths:1)
  4 elf skeletons
  2 komodo dragons (shapeshifter)
  2 rime drakes (Lair:6)
  80 hellions
  66 freezing wraiths
  5 komodo dragons
  51 demonic crawlers
  29 efreet
  27 hellwings
  7 harpy zombies
  118 red devils
  11 trolls
  A ghost moth simulacrum (Abyss:2)
  19 ancient zymes
  70 ice devils
  12 tyrant leeches
  2 anaconda simulacra (Coc:7)
  A yellow draconian skeleton (Coc:7)
  78 yaktaurs
  A pale draconian skeleton (Crypt:2)
  A red draconian skeleton (Geh:6)
  A yaktaur skeleton (Vaults:2)
  2 silent spectres (Tar:3)
  A troll (shapeshifter) (Depths:3)
  20 hydra zombies
  22 guardian mummies
  130 tormentors
  79 merfolk
  4 tengu conjurers
  A queen bee (shapeshifter) (Vaults:2)
  22 hornets
  A merfolk (shapeshifter) (Vaults:5)
  3 meliai (D:12)
  13 wind drakes
  A hornet (shapeshifter) (Abyss:3)
  A tyrant leech (shapeshifter) (Elf:2)
  A queen bee (D:12)
  11 hydra skeletons
  Prince Ribbit (Lair:1)
  A deep troll zombie (Depths:1)
  14 blink frogs
  18 ettin zombies
  13 ice dragon zombies
  A wind drake (shapeshifter) (Abyss:1)
  9 alligator zombies
  31 raiju
  10 bog bodies
  6 harpy skeletons
  13 dream sheep
  136 large abominations
  100 slime creatures
  2 blink frogs (shapeshifter)
  7 fire dragon zombies
  19 hippogriffs
  17 snapping turtles
  2 hippogriffs (shapeshifter)
  A stone giant simulacrum (Abyss:3)
  5 alligator skeletons
  A snapping turtle (shapeshifter) (Vaults:2)
  331 flying skulls
  A fire giant simulacrum (Vaults:5)
  8 fire dragon skeletons
  3 vampires
  84 wraiths
  Sigmund (D:3)
  16 ettin skeletons
  80 shadows
  7 ushabtiu
  2 wyverns
  10 ice dragon skeletons
  4 air elementals
  2 centaur simulacra
  5 black mamba zombies
  28 fire bats
  96 ynoxinuls
  A redback (Depths:1)
  48 water elementals
  71 chaos spawn
  23 yaks
  2 yaks (shapeshifter)
  4 basilisks
  46 fire elementals
  3 black mamba skeletons
  A golden eye (shapeshifter) (Depths:5)
  24 golden eyes
  A hog (shapeshifter) (Vaults:2)
  65 neqoxecs
  14 vampire mosquitoes
  4 swamp worms (Gauntlet)
  A naga (shapeshifter) (Vaults:5)
  A floating eye (Pan)
  A yaktaur simulacrum (Vaults:1)
  7 wargs
  6 insubstantial wisps
  Edmund (D:5)
  2 merfolk zombies
  53 nagas
  19 water moccasins
  34 spatial vortices
  An acid dragon (Vaults:1)
  Duvessa (D:5)
  171 hell hounds
  7 hydra simulacra
  8 cane toad skeletons
  2 porcupines (Lair:5)
  19 cane toad zombies
  A faun skeleton (Crypt:2)
  14 eyes of draining
  56 orc warriors
  A hornet zombie (D:10)
  13 human skeletons
  6 swamp drakes
  A deep troll skeleton (Vaults:2)
  An ice beast (shapeshifter) (Depths:3)
  7 sky beasts
  A two-headed ogre skeleton (Crypt:2)
  A merfolk skeleton (Coc:2)
  80 necrophages
  15 snapping turtle zombies
  A black bear (Lair:2)
  3 ettin simulacra
  11 ice beasts
  9 manticore zombies
  26 ogres
  A wolf (shapeshifter) (Abyss:1)
  17 phantoms
  9 swamp dragon zombies
  A blink frog zombie (Crypt:1)
  An alligator simulacrum (Coc:6)
  An ice dragon simulacrum (Coc:6)
  19 wolves
  18 boggarts
  13 snapping turtle skeletons
  15 centaurs
  A centaur (shapeshifter) (Vaults:1)
  2 orc skeletons (Vaults:2)
  2 swamp dragon skeletons
  3 manticore skeletons
  8 elf zombies
  A lindwurm skeleton (Crypt:2)
  19 crocodiles
  4 big kobolds
  Blork the orc (D:6)
  A hog skeleton (Crypt:1)
  A wyvern zombie (D:12)
  20 bullfrogs
  7 earth elementals
  A cane toad simulacrum (Coc:2)
  A water moccasin zombie (D:8)
  Dowan (D:5)
  A wyvern skeleton (D:10)
  A scorpion (D:8)
  5 spriggan zombies
  A troll zombie (Tar:3)
  21 killer bees (D:12)
  48 small abominations
  177 wights
  3 electric eels (Lair:2)
  10 crimson imps
  6 human zombies
  7 quasits
  3 bullfrog skeletons
  53 jellies
  20 orc priests
  3 centaur skeletons
  Crazy Yiuf (D:3)
  6 hounds
  63 iron imps
  Ijyb (D:3)
  4 iguanas
  37 orc wizards
  11 worker ants
  A naga zombie (Geh:7)
  3 ogre zombies
  5 tengu zombies
  A naga skeleton (Crypt:1)
  An ogre skeleton (Crypt:2)
  A human simulacrum (Coc:7)
  2 hound zombies
  A hound skeleton (D:7)
  80 mummies
  A howler monkey zombie (D:5)
  10 gnolls
  13 adders
  30 shadow imps
  43 white imps
  16 ufetubi
  3 oozes
  2 adder skeletons (D:6)
  2 worms (D:3)
  3 dart slugs
  11 leopard geckos
  143 orcs
  7 giant cockroaches
  10 goblins
  8 hobgoblins
  9 jackals
  5 quokkas
  2 ball pythons
  11 bats
  3 frilled lizards
  A jackal skeleton (D:6)
  A jackal zombie (D:6)
  25 kobolds
  2 kobold skeletons
  A kobold zombie (Tar:7)
  2 orc zombies
  6 rats
  A river rat zombie (Crypt:1)
  56 briar patches
  10 bushes
  A butterfly (Zot:2)
  2 demonic plants (Pan)
  27 fire vortices (Pan)
  3 lurking horrors
  28 starspawn tentacles
  4 tentacles
9039 creatures vanquished.

Vanquished Creatures (collateral kills)
  A Tzitzimitl (Pan)
1 creature vanquished.

Vanquished Creatures (others)
  A pandemonium lord (Zig:18)
  A Killer Klown (Zot:5)
  A curse toe (Zot:5)
  A tentacled monstrosity (Zot:5)
  2 Orb Guardians (Zot:5)
  A lich (Depths:3)
  An eldritch tentacle (Tomb:1)
  A tentacled starspawn (Abyss:3)
  An Executioner (Abyss:3)
  A storm dragon (Zot:4)
  A revenant (Tomb:1)
  A balrug (Pan)
  2 draconian stormcallers (Zot:5)
  A draconian scorcher (Zot:5)
  4 draconian annihilators
  An elemental wellspring (Coc:7)
  3 black draconians (Zot:5)
  A white draconian (Zot:5)
  A yellow draconian (Zot:5)
  A red draconian (Zot:5)
  A purple draconian (Zot:5)
  3 great orbs of eyes
  A hell beast (Zig:24)
  19 dancing weapons
  5 hell hogs
  A sun demon (Pan)
  A deep elf knight (Elf:3)
  A salamander mystic (Zig:15)
  A shadow wraith (Vaults:5)
  A cherub (Pan)
  10 glowing orange brains
  A glowing orange brain (shapeshifter) (Zig:18)
  An ironbrand convoker (Vaults:5)
  A mana viper (Abyss:3)
  3 shining eyes
  A glowing shapeshifter (Zig:18)
  A deep elf mage (Elf:1)
  An eye of devastation (Pan)
  A water nymph (shapeshifter) (Zig:19)
  3 smoke demons (Pan)
  2 orange demons
  2 demonic crawlers (Pan)
  A tormentor (Pan)
  2 yaktaurs
  2 large abominations
  19 slime creatures
  A red devil (Pan)
  A bog body (Zig:12)
  A flying skull (Abyss:3)
  A ynoxinul (Abyss:4)
  A yak (Lair:4)
  A wyvern (Lair:4)
  6 humans (Lair:4)
  9 golden eyes
  A hog (shapeshifter) (Abyss:5)
  A chaos spawn (Pan)
  4 neqoxecs
  2 floating eyes
  A floating eye (shapeshifter) (Zig:18)
  8 eyes of draining
  2 ogres
  An eye of draining (shapeshifter) (Abyss:3)
  A necrophage (Geh:5)
  A centaur (Pan)
  A centaur (shapeshifter) (Zig:18)
  4 small abominations (Abyss:3)
  654 jellies
  A centaur zombie (D:7)
  A naga zombie (Geh:4)
  An ogre skeleton (Pan)
  A gnoll (D:7)
  4 oozes (Abyss:3)
  5 white imps
  An ufetubus (Abyss:3)
  6 ball lightnings (Pan)
  2 orcs (Vaults:1)
  2 briar patches
  4 bushes
  A demonic plant (Pan)
  3 fire vortices (Pan)
  37 fungi
  2 lurking horrors
  110 plants
  35 starspawn tentacles
  36 tentacles
  12 withered plants (Gauntlet)
1078 creatures vanquished.

Grand Total: 10118 creatures vanquished

Notes
Turn   | Place    | Note
-------+----------+-------------------------------------------
     0 | D:1      | Infinimo the Gargoyle Earth Elementalist began the quest
                  | for the Orb.
     0 | D:1      | Reached XP level 1. HP: 10/10 MP: 3/3
   368 | D:1      | Reached XP level 2. HP: 14/16 MP: 5/5
   598 | D:1      | You fall into a shaft and drop 1 floor!
   598 | D:2      | Noticed an ogre
   612 | D:2      | Killed an ogre
   612 | D:2      | Reached skill level 5 in Earth Magic
   612 | D:2      | Reached XP level 3. HP: 21/21 MP: 0/7
   612 | D:2      | Reached XP level 4. HP: 26/26 MP: 0/8
   911 | D:2      | Reached XP level 5. HP: 30/30 MP: 5/9
  1080 | D:2      | Learned a level 3 spell: Stone Arrow
  2049 | D:2      | Found a bloodstained altar of Trog.
  2058 | D:2      | Reached skill level 1 in Conjurations
  2836 | D:3      | Reached XP level 6. HP: 36/36 MP: 4/10
  3013 | D:3      | Noticed Sigmund
  3020 | D:3      | Killed Sigmund
  3037 | D:3      | Reached XP level 7. HP: 27/41 MP: 4/12
  3240 | D:3      | Noticed Ijyb
  3247 | D:3      | Killed Ijyb
  3391 | D:3      | Found a runed translucent door.
  3392 | D:3      | Noticed Crazy Yiuf
  3829 | D:3      | Killed Crazy Yiuf
  3927 | D:4      | Found a shimmering altar of Xom.
  4067 | D:4      | Found a staircase to the Ecumenical Temple.
  4193 | D:4      | Found a blossoming altar of Fedhas.
  4261 | D:4      | Found a glowing silver altar of Zin.
  4325 | D:4      | Found a sparkling altar of Nemelex Xobeh.
  4353 | D:4      | Found a stormy altar of Qazlal.
  4749 | Temple   | Entered the Ecumenical Temple
  4979 | D:5      | Entered Level 5 of the Dungeon
  5291 | D:5      | Reached XP level 8. HP: 48/48 MP: 7/13
  5487 | D:5      | Noticed Dowan
  5488 | D:5      | Noticed Duvessa
  5494 | D:5      | Killed Dowan
  5494 | D:5      | Reached skill level 5 in Conjurations
  5519 | D:5      | Killed Duvessa
  5675 | D:5      | Noticed Edmund
  5685 | D:5      | Killed Edmund
  5741 | D:5      | Found an ornate altar of the Wu Jian Council.
  5959 | D:6      | Found Papimyd's Weapon Shop.
  6060 | D:6      | Noticed Blork the orc
  6065 | D:6      | Killed Blork the orc
  6065 | D:6      | Reached skill level 5 in Fighting
  6065 | D:6      | Reached XP level 9. HP: 45/54 MP: 11/16
  6313 | D:6      | Found Ogipt's Gadget Shop.
  6372 | D:6      | Reached skill level 5 in Spellcasting
  7042 | D:6      | Found Osuexy Viwa's Armour Emporium.
  7185 | D:7      | Reached skill level 10 in Earth Magic
  7364 | D:7      | Found an opulent altar of Gozag.
  7371 | D:7      | Became a worshipper of Gozag Ym Sagoz the Greedy
  7966 | D:7      | Reached XP level 10. HP: 60/60 MP: 12/18
  8748 | D:8      | Found an ornate altar of the Wu Jian Council.
  8764 | D:8      | Found a sacrificial altar of Ru.
  8806 | D:8      | Found a hide-covered altar of Uskayaw.
  9322 | D:9      | Found a blossoming altar of Fedhas.
  9323 | D:9      | Found a shimmering blue altar of Sif Muna.
  9325 | D:9      | Found a shadowy altar of Dithmenos.
  9327 | D:9      | Found an iron altar of Okawaru.
  9857 | D:9      | Found a staircase to the Lair.
 10267 | D:10     | Entered Level 10 of the Dungeon
 10431 | D:10     | Killed an unseen horror
 10762 | D:10     | Noticed Nergalle
 10769 | D:10     | Killed Nergalle
 10769 | D:10     | Reached XP level 11. HP: 67/67 MP: 3/20
 10880 | D:10     | Reached skill level 10 in Conjurations
 11547 | Lair:1   | Entered Level 1 of the Lair of Beasts
 11553 | Lair:1   | Learned a level 4 spell: Petrify
 11559 | Lair:1   | Learned a level 5 spell: Lee's Rapid Deconstruction
 11953 | Lair:1   | Noticed Prince Ribbit
 12011 | Lair:1   | Killed Prince Ribbit
 13639 | Lair:2   | Found a staircase to the Shoals.
 14041 | Lair:3   | Found a staircase to the Snake Pit.
 15280 | Lair:4   | Reached XP level 12. HP: 66/75 MP: 6/23
 16176 | Lair:4   | Learned a level 4 spell: Leda's Liquefaction
 16725 | Lair:4   | Noticed a catoblepas
 16728 | Lair:4   | Noticed Kirke
 16747 | Lair:3   | Noticed a sphinx
 16748 | Lair:3   | Killed Kirke
 17118 | Lair:4   | Killed a catoblepas
 17649 | Lair:4   | Noticed a four-headed hydra
 17649 | Lair:4   | Noticed an eight-headed hydra
 17659 | Lair:4   | Killed a four-headed hydra
 17709 | Lair:4   | Killed an eight-headed hydra
 17955 | Lair:4   | Reached XP level 13. HP: 73/81 MP: 8/25
 19482 | Lair:5   | Noticed Urug
 19500 | Lair:5   | Killed Urug
 19500 | Lair:5   | Reached skill level 15 in Earth Magic
 19633 | Lair:5   | Reached skill level 10 in Fighting
 19851 | Lair:5   | You fall into a shaft and drop 1 floor!
 19851 | Lair:6   | Entered Level 6 of the Lair of Beasts
 19851 | Lair:6   | Found a runed translucent door.
 19852 | Lair:6   | Noticed an ice dragon
 19866 | Lair:6   | Killed an ice dragon
 20228 | Lair:6   | Found a runed translucent gate.
 20228 | Lair:6   | Found a runed translucent gate.
 20228 | Lair:6   | Found a runed translucent gate.
 20649 | Lair:5   | Found a staircase to the Slime Pits.
 21716 | Lair:5   | Bought the +2 troll leather armour of Huma {Regen+ MP+9
                  | Slay+3} for 889 gold pieces
 21777 | Lair:5   | Bought a runed cloak for 262 gold pieces
 21777 | Lair:5   | Bought a tattered robe for 199 gold pieces
 21777 | Lair:5   | Bought a pair of embroidered boots for 262 gold pieces
 21777 | Lair:5   | Bought a pair of glowing boots for 262 gold pieces
 21809 | Lair:5   | Identified the cursed +1 robe "Zefeiq" {+Blink Str+5} (You
                  | bought it in a shop on level 5 of the Lair of Beasts)
 21836 | Lair:5   | Identified a +1 pair of boots of running (You bought it in
                  | a shop on level 5 of the Lair of Beasts)
 22214 | Lair:6   | Reached skill level 1 in Armour
 23218 | Lair:6   | Noticed brujo666's ghost (journeyman DsFi)
 23218 | Lair:6   | Noticed a death ooze
 23227 | Lair:6   | Found a viscous altar of Jiyva.
 23265 | Lair:6   | Gained mutation: Your large and strong wings let you fly
                  | indefinitely. [Gargoyle growth]
 23265 | Lair:6   | Reached XP level 14. HP: 75/88 MP: 20/27
 26158 | Lair:6   | Killed brujo666's ghost
 26158 | Lair:6   | Reached skill level 15 in Conjurations
 26444 | Lair:6   | Got a glimmering flail
 26445 | Lair:6   | Identified the +10 flail of the Pyrrhic Victory {drain,
                  | *Noise rPois Str+4 Dex+4} (You found it on level 6 of the
                  | Lair of Beasts)
 26724 | D:11     | Reached skill level 5 in Armour
 27121 | D:11     | Found a staircase to the Orcish Mines.
 27349 | D:11     | Noticed Sonja
 27358 | D:11     | Killed Sonja
 27358 | D:11     | Reached skill level 10 in Spellcasting
 27543 | D:11     | Noticed Maurice
 27547 | D:11     | Killed Maurice
 27673 | D:11     | Found a runed translucent door.
 27673 | D:11     | Noticed loom's ghost (journeyman DgCj)
 28031 | D:10     | Killed loom's ghost
 28289 | Orc:1    | Entered Level 1 of the Orcish Mines
 29114 | Orc:2    | Entered Level 2 of the Orcish Mines
 29355 | Orc:2    | Found a roughly hewn altar of Beogh.
 29722 | Orc:2    | Found a roughly hewn altar of Beogh.
 29802 | Orc:2    | Found a staircase to the Elven Halls.
 29887 | Orc:2    | Noticed an orc warlord
 30547 | D:11     | Learned a level 9 spell: Tornado
 30558 | D:11     | Learned a level 9 spell: Tornado
 30596 | Orc:1    | Killed an orc warlord
 30596 | Orc:1    | Reached skill level 1 in Air Magic
 30596 | Orc:1    | Reached XP level 15. HP: 88/95 MP: 0/29
 31271 | Orc:2    | Found a roughly hewn altar of Beogh.
 31506 | Orc:2    | Found Sadolot's Antique Armour Emporium.
 31507 | Orc:2    | Found a roughly hewn altar of Beogh.
 31508 | Orc:2    | Found Nofois's Antique Weapon Shoppe.
 31515 | Orc:2    | Bought an ancient dagger for 245 gold pieces
 31515 | Orc:2    | Identified the +9 dagger of the Bruised Cities {vorpal, rF+
                  | rC+ SInv} (You bought it in a shop on level 2 of the Orcish
                  | Mines)
 31721 | Orc:2    | Found a roughly hewn altar of Beogh.
 31730 | Orc:2    | Found a roughly hewn altar of Beogh.
 31731 | Orc:2    | Found Zyd Pujo's Assorted Antiques.
 31751 | Orc:2    | Bought a scroll labeled WUEFFO ROOD for 31 gold pieces
 31896 | Orc:1    | Noticed Fannar
 32048 | Orc:2    | Found a roughly hewn altar of Beogh.
 32049 | Orc:2    | Found Meur's Jewellery Shop.
 32084 | Orc:2    | Bought the ring "Hacan" {rPois rC+ rCorr Int+4} for 838
                  | gold pieces
 32186 | Orc:2    | Bought a steaming leather armour for 182 gold pieces
 32186 | Orc:2    | Identified the +0 leather armour "Useagh" {Dex+2 Stlth+}
                  | (You bought it in a shop on level 2 of the Orcish Mines)
 32482 | Orc:2    | Killed Fannar
 35724 | D:13     | Identified the +4 scale mail "Fufuroo" {Int+6} (You found
                  | it on level 13 of the Dungeon)
 35733 | D:13     | Reached skill level 5 in Air Magic
 35790 | D:13     | Identified the +2 buckler of Abstinence {rCorr}
 35923 | D:13     | Found a shadowy altar of Dithmenos.
 36018 | D:13     | Found Riwu's Distillery.
 36027 | D:13     | Bought a potion of heal wounds for 95 gold pieces
 36027 | D:13     | Bought a potion of heal wounds for 95 gold pieces
 36027 | D:13     | Bought a potion of resistance for 190 gold pieces
 36027 | D:13     | Bought a potion of magic for 152 gold pieces
 36088 | D:13     | Found Doattuw's Assorted Antiques.
 36342 | D:13     | Bought a scroll of teleportation for 102 gold pieces
 36342 | D:13     | Bought an embroidered scarf for 272 gold pieces
 36352 | D:13     | Found Sunexih's Distillery.
 36361 | D:13     | Bought a potion of heal wounds for 90 gold pieces
 36844 | D:14     | Reached skill level 1 in Shields
 36857 | D:14     | Found a gate leading to a gauntlet.
 36905 | D:13     | Bought a potion of curing for 54 gold pieces
 36905 | D:13     | Bought a potion of curing for 54 gold pieces
 36905 | D:13     | Bought a potion of haste for 180 gold pieces
 36973 | Gauntlet | Entered a Gauntlet
 36973 | Gauntlet | Found a transporter.
 36973 | Gauntlet | Found a transporter.
 36974 | Gauntlet | Found a transporter.
 36974 | Gauntlet | Found a transporter.
 36977 | Gauntlet | Found a transporter.
 36987 | Gauntlet | Found a transporter.
 37055 | Gauntlet | Found a transporter.
 37069 | Gauntlet | Found a transporter.
 37081 | Gauntlet | Found a transporter.
 37091 | Gauntlet | Found a transporter.
 37106 | Gauntlet | Found a transporter.
 37112 | Gauntlet | Found a transporter.
 37367 | Gauntlet | Got a faintly glowing helmet
 37379 | Gauntlet | Identified the cursed -2 helmet of Ludigrogot {Slay+3} (You
                  | found it in a Gauntlet)
 37448 | Gauntlet | Got a pair of spiked boots
 37449 | Gauntlet | Identified the +2 pair of boots of the Abyss {rPois Dex+2
                  | Slay+3 Stlth-} (You found it in a Gauntlet)
 37643 | Gauntlet | Identified the +10 glaive of Salt {vamp, +Inv rPois Str-4}
 37668 | Gauntlet | Reached skill level 5 in Shields
 37668 | Gauntlet | Reached XP level 16. HP: 50/101 MP: 9/31
 37683 | Gauntlet | Identified the Compendium of the Glacier and the Escort
 37685 | Gauntlet | Got a faintly humming helmet
 37692 | Gauntlet | Identified the Tome of Changing
 37840 | D:13     | Identified the +0 helmet of a bailey {rN+ MR- Int+5} (You
                  | found it in a Gauntlet)
 39000 | D:14     | Found a gate to the Vaults.
 39851 | D:14     | Found a radiant altar of Vehumet.
 40000 | D:14     | Got a transparent ring mail
 40010 | D:14     | Identified the +2 ring mail of Hubris {rC+} (You found it
                  | on level 14 of the Dungeon)
 40257 | Lair:5   | Bought the +8 orange crystal plate armour {Archmagi, Int+3
                  | Clar} for 2023 gold pieces
 40257 | Lair:5   | Found the +8 orange crystal plate armour {Archmagi, Int+3
                  | Clar}
 40559 | D:15     | Entered Level 15 of the Dungeon
 41477 | D:15     | Found a staircase to the Depths.
 41795 | D:15     | Found a corrupted altar of Lugonu.
 41806 | D:15     | Identified Lugonu's Grimoire of Dark Magic
 42671 | Snake:1  | Entered Level 1 of the Snake Pit
 42679 | Snake:1  | Found a sparkling altar of Nemelex Xobeh.
 43084 | Snake:1  | Reached skill level 10 in Armour
 44809 | Snake:2  | Found a bloodstained altar of Trog.
 45753 | Snake:2  | Reached XP level 17. HP: 106/106 MP: 28/32
 46457 | Snake:2  | Reached skill level 10 in Air Magic
 49082 | Snake:3  | Noticed Aizul
 49101 | Snake:3  | Killed Aizul
 49625 | Snake:4  | Entered Level 4 of the Snake Pit
 53026 | Snake:4  | Reached XP level 18. HP: 89/112 MP: 12/33
 55954 | Snake:4  | Got a serpentine rune of Zot
 56143 | Shoals:1 | Entered Level 1 of the Shoals
 56207 | Lair:2   | Bought the amulet "Werr" {RegenMP rN+ Str+3 Int+6 Dex-5}
                  | for 793 gold pieces
 56207 | Lair:2   | Bought the ring "Decymeiq" {+Blink rF++ rN+++ Str+6 Dex-5
                  | SInv} for 1652 gold pieces
 56644 | Shoals:1 | HP: 2/112 [tentacle[a kraken] (16)]
 57876 | Shoals:1 | Found Eqocemoe's Mass Market.
 60133 | Shoals:2 | Identified the +4 scale mail "Daaw" {Regen+} (You found it
                  | on level 2 of the Shoals)
 60134 | Shoals:2 | Identified 2 scrolls of acquirement
 60137 | Shoals:2 | Acquired the +3 warlock's mirror {reflect}
 60138 | Shoals:2 | Found the +3 warlock's mirror {reflect}
 60150 | Shoals:2 | Acquired the ring of Yrchomnua {rF+ rC+ Int+6 SInv Stlth-}
 60307 | Shoals:3 | Reached XP level 19. HP: 80/116 MP: 24/34
 60440 | Shoals:3 | Found Entoeren's Book Emporium.
 61632 | Shoals:3 | Bought a book of Power for 495 gold pieces
 61639 | Shoals:3 | Learned a level 6 spell: Iron Shot
 61965 | Shoals:3 | Noticed Louise
 61970 | Shoals:3 | Cast into level 2 of the Abyss (Louise)
 62287 | Abyss:2  | Found a corrupted altar of Lugonu.
 62393 | Abyss:2  | Noticed a hellephant
 62400 | Abyss:2  | Killed a hellephant
 62400 | Abyss:2  | Reached skill level 15 in Armour
 62452 | Abyss:2  | Found a corrupted altar of Lugonu.
 62517 | Abyss:2  | Found a corrupted altar of Lugonu.
 62694 | Shoals:3 | Escaped the Abyss
 62804 | Shoals:3 | Killed Louise
 63279 | Shoals:4 | Entered Level 4 of the Shoals
 63968 | Shoals:4 | Noticed Polyphemus
 65275 | Shoals:4 | Killed Polyphemus
 65318 | Shoals:4 | Reached XP level 20. HP: 122/122 MP: 4/35
 65646 | Shoals:4 | Got a barnacled rune of Zot
 66343 | Shoals:4 | Identified the +8 quarterstaff "Kaq Ini" {drain, rPois MR+
                  | Str+3} (You found it on level 4 of the Shoals)
 66350 | Shoals:4 | Acquired 610 gold pieces
 66597 | Depths:1 | Entered Level 1 of the Depths
 66886 | Depths:1 | Noticed Margery
 67103 | Depths:1 | Found a corrupted altar of Lugonu.
 67103 | Depths:1 | Found a one-way gate to the infinite horrors of the Abyss.
 67225 | Depths:1 | Killed Margery
 67515 | Depths:1 | Found a gateway to Hell.
 68094 | Depths:1 | Found a gateway to a ziggurat.
 69459 | Depths:2 | Found a one-way gate leading to the halls of Pandemonium.
 69529 | Depths:1 | Paralysed by a great orb of eyes for 5 turns
 69733 | Depths:2 | Noticed a lich
 69850 | Depths:2 | Paralysed by an ogre mage for 4 turns
 70017 | Depths:1 | Killed a lich
 70412 | Depths:2 | Reached XP level 21. HP: 127/127 MP: 3/36
 71497 | Depths:3 | Paralysed by a vampire knight for 3 turns
 71589 | Depths:3 | Reached skill level 15 in Air Magic
 71846 | Depths:3 | Paralysed by a vampire knight for 5 turns
 72903 | Depths:3 | Noticed a juggernaut
 72907 | Depths:3 | Killed a juggernaut
 72907 | Depths:3 | Noticed a juggernaut
 72921 | Depths:3 | HP: 5/127 [juggernaut (26)]
 73144 | Depths:3 | Killed a juggernaut
 73435 | Depths:3 | Noticed a golden dragon
 73495 | Depths:3 | Killed a golden dragon
 73556 | Depths:3 | Reached XP level 22. HP: 132/132 MP: 32/37
 73673 | Depths:3 | Found the +5 robe of Misfortune {*Contam Harm *Corrode
                  | *Drain *Slow EV+5}
 73775 | Depths:3 | Found a blossoming altar of Fedhas.
 73789 | Depths:3 | Found a runed translucent door.
 73935 | Depths:3 | Found a runed translucent door.
 73936 | Depths:3 | Noticed a golden dragon
 73937 | Depths:3 | Found a stormy altar of Qazlal.
 73937 | Depths:3 | Noticed a caustic shrike
 73942 | Depths:3 | Killed a caustic shrike
 74040 | Depths:3 | Found a burning altar of Makhleb.
 74379 | Depths:3 | Found a runed translucent door.
 74394 | Depths:3 | Found a runed translucent door.
 74417 | Depths:3 | Found an iron altar of Okawaru.
 74417 | Depths:3 | Found a hazy altar of Hepliaklqana.
 74915 | Depths:3 | Found the +3 giant club "Skullcrusher" {speed, Str+7}
 75105 | Depths:3 | Identified the Volume of Frigorific Self-Knowledge
 75423 | Depths:3 | Killed a golden dragon
 75973 | Depths:3 | Identified the cursed +0 scale mail of Pathos {rCorr} (You
                  | found it on level 3 of the Depths)
 76330 | Depths:4 | Noticed Sojobo
 76653 | Depths:4 | Cast into level 3 of the Abyss (hell knight)
 76660 | Abyss:3  | Found a corrupted altar of Lugonu.
 76894 | Abyss:3  | Gained mutation: You are frail. (-10% HP) [a neqoxec]
 77029 | Abyss:3  | Found a corrupted altar of Lugonu.
 77282 | Abyss:3  | Paralysed by accursed screaming for 1 turns
 77295 | Abyss:3  | Got a masterwork great sword
 77451 | Depths:4 | Escaped the Abyss
 77534 | Depths:3 | Lost mutation: You are frail. (-10% HP) [potion of
                  | mutation]
 77534 | Depths:3 | Gained mutation: You are frail. (-10% HP) [potion of
                  | mutation]
 77534 | Depths:3 | Gained mutation: You are clumsy. (Dex -2) [potion of
                  | mutation]
 77534 | Depths:3 | Gained mutation: You are occasionally teleported next to
                  | monsters. [potion of mutation]
 77534 | Depths:3 | Lost mutation: You are clumsy. (Dex -2) [potion of
                  | mutation]
 77535 | Depths:3 | Lost mutation: You are frail. (-10% HP) [potion of
                  | mutation]
 77535 | Depths:3 | Lost mutation: You are occasionally teleported next to
                  | monsters. [potion of mutation]
 77535 | Depths:3 | Gained mutation: You have supernaturally acute eyesight.
                  | (SInv) [potion of mutation]
 77535 | Depths:3 | Gained mutation: You evolve. [potion of mutation]
 77636 | Depths:4 | HP: 6/132 [disintegration (18)]
 77859 | Depths:4 | Gained mutation: You are frail. (-10% HP) [evolution]
 77913 | Depths:4 | Lost mutation: You are frail. (-10% HP) [potion of
                  | mutation]
 77913 | Depths:4 | Lost mutation: You have supernaturally acute eyesight.
                  | (SInv) [potion of mutation]
 77913 | Depths:4 | Gained mutation: Your flesh is cold resistant. (rC+)
                  | [potion of mutation]
 77913 | Depths:4 | Gained mutation: You have a pair of small horns on your
                  | head. [potion of mutation]
 77913 | Depths:4 | Gained mutation: You expend magic power (3 MP) to
                  | strengthen your wands. [potion of mutation]
 78044 | Depths:4 | Killed Sojobo
 78298 | Depths:4 | Reached XP level 23. HP: 123/136 MP: 22/38
 80087 | Depths:4 | Got a glittering wooden ring
 80332 | Depths:4 | Identified the ring of Dedan {rN+++ AC+4 Int-2 Dex+7
                  | Stlth+}
 80568 | Depths:4 | Lost mutation: You evolve. [potion of mutation]
 80568 | Depths:4 | Lost mutation: You expend magic power (3 MP) to strengthen
                  | your wands. [potion of mutation]
 80568 | Depths:4 | Lost mutation: You have a pair of small horns on your head.
                  | [potion of mutation]
 80568 | Depths:4 | Lost mutation: Your flesh is cold resistant. (rC+) [potion
                  | of mutation]
 80568 | Depths:4 | Gained mutation: You are partially covered in slimy green
                  | scales. (AC +2) [potion of mutation]
 80568 | Depths:4 | Gained mutation: Your magical capacity is low. (-10% MP)
                  | [potion of mutation]
 80568 | Depths:4 | Gained mutation: You have large cloven feet. [potion of
                  | mutation]
 80761 | D:13     | Bought a potion of mutation for 144 gold pieces
 80762 | D:13     | Lost mutation: Your magical capacity is low. (-10% MP)
                  | [potion of mutation]
 80762 | D:13     | Lost mutation: You have large cloven feet. [potion of
                  | mutation]
 80762 | D:13     | Lost mutation: You are partially covered in slimy green
                  | scales. (AC +2) [potion of mutation]
 80762 | D:13     | Gained mutation: You possess an exceptional clarity of
                  | mind. [potion of mutation]
 80762 | D:13     | Gained mutation: You have a pair of small horns on your
                  | head. [potion of mutation]
 80845 | Vaults:1 | Entered Level 1 of the Vaults
 81671 | Vaults:1 | Upgraded the game from 0.26-a0-278-g3b0d5afba5 to
                  | 0.26-a0-284-g73c0fb6129
 82072 | Vaults:1 | Identified the ring "Bapatet" {*Tele rElec rN+ MR+ Dex-3}
                  | (You found it on level 4 of the Depths)
 82073 | Vaults:1 | Identified the +8 great sword of Disorder {venom, *Contam
                  | rF+++ Dex-4 SInv} (You found it on level 3 of the Abyss)
 83626 | Vaults:1 | Found Fauf's Antique Armour Emporium.
 83632 | Vaults:1 | Bought an embroidered cloak for 322 gold pieces
 84058 | Vaults:2 | Bought a pair of jewelled gloves for 351 gold pieces
 84058 | Vaults:2 | Bought a jewelled plate armour for 1036 gold pieces
 84071 | Vaults:2 | Identified the +1 pair of gloves "Ceucso" {+Inv rF+ Str-3}
                  | (You bought it in a shop on level 2 of the Vaults)
 84089 | Vaults:2 | Identified the cursed +0 plate armour "Eci Ciup" {Dex+8
                  | Slay-3} (You bought it in a shop on level 2 of the Vaults)
 84127 | Vaults:2 | Bought the ring of the Mage {Wiz MR++ Int+3} for 930 gold
                  | pieces
 84127 | Vaults:2 | Found the ring of the Mage {Wiz MR++ Int+3}
 84447 | Vaults:2 | Found Vugiclu's Armour Shoppe.
 85259 | Vaults:2 | Found a staircase to the Crypt.
 85709 | Vaults:2 | Reached XP level 24. HP: 142/142 MP: 20/38
 85941 | Vaults:2 | Found the +9 heavy crossbow "Sniper" {vorpal, Acc+∞ SInv}
 86248 | Vaults:2 | Identified the +8 morningstar of War {vorpal, Str+3 Int+6}
 88443 | Vaults:3 | Found Ebrorghuc's Gadget Emporium.
 88820 | Vaults:4 | Noticed Donald
 88852 | Vaults:3 | Killed Donald
 89716 | Vaults:3 | Acquired an uncursed staff of energy
 90214 | Vaults:3 | Reached skill level 1 in Evocations
 91204 | Vaults:4 | Found Lummygaor's Magic Scroll Boutique.
 93050 | Vaults:4 | Found a huge runed gate.
 93050 | Vaults:4 | Found a huge runed gate.
 93050 | Vaults:4 | Found a huge runed gate.
 93051 | Vaults:4 | Found a huge runed gate.
 93051 | Vaults:4 | Found a huge runed gate.
 93051 | Vaults:4 | Found a huge runed gate.
 93051 | Vaults:4 | Found a huge runed gate.
 93051 | Vaults:4 | Found a huge runed gate.
 93051 | Vaults:4 | Found a huge runed gate.
 93051 | Vaults:4 | Found a huge runed gate.
 93054 | Vaults:4 | Found a huge runed gate.
 93054 | Vaults:4 | Found a huge runed gate.
 93054 | Vaults:4 | Found a huge runed gate.
 93054 | Vaults:4 | Found a huge runed gate.
 93054 | Vaults:4 | Found a huge runed gate.
 93054 | Vaults:4 | Found a huge runed gate.
 93054 | Vaults:4 | Found a huge runed gate.
 93055 | Vaults:4 | Found a huge runed gate.
 93056 | Vaults:4 | Found a huge runed gate.
 93064 | Vaults:4 | Found a huge runed gate.
 93064 | Vaults:4 | Found a huge runed gate.
 93064 | Vaults:4 | Found a huge runed gate.
 93064 | Vaults:4 | Found a huge runed gate.
 93064 | Vaults:4 | Found a huge runed gate.
 93064 | Vaults:4 | Found a huge runed gate.
 93064 | Vaults:4 | Found a huge runed gate.
 93065 | Vaults:4 | Found a huge runed gate.
 93066 | Vaults:4 | Found a huge runed gate.
 93074 | Vaults:4 | Found a huge runed gate.
 93074 | Vaults:4 | Found a huge runed gate.
 93074 | Vaults:4 | Found a huge runed gate.
 93074 | Vaults:4 | Found a huge runed gate.
 93074 | Vaults:4 | Found a huge runed gate.
 93074 | Vaults:4 | Found a huge runed gate.
 93074 | Vaults:4 | Found a huge runed gate.
 93077 | Vaults:4 | Found a huge runed gate.
 93112 | Vaults:4 | Reached XP level 25. HP: 148/148 MP: 38/38
 94142 | Vaults:4 | Noticed an ancient lich
 94694 | Vaults:4 | Killed an ancient lich
 94860 | Vaults:4 | Bought a scroll of teleportation for 48 gold pieces
 94967 | Vaults:5 | Entered Level 5 of the Vaults
 94984 | Vaults:5 | Noticed an ancient lich
 95062 | Vaults:5 | Killed an ancient lich
 95648 | Crypt:1  | Entered Level 1 of the Crypt
 96972 | Crypt:1  | Reached XP level 26. HP: 156/156 MP: 36/38
 98501 | Crypt:3  | Entered Level 3 of the Crypt
 99347 | Crypt:3  | Found a basalt altar of Yredelemnul.
 99416 | Crypt:3  | Identified the +4 war axe of Disarray {flame, rC+ rN+}
100515 | Crypt:3  | Reached skill level 5 in Evocations
101138 | Crypt:3  | Found a staircase to the Tomb.
101163 | Crypt:3  | Identified the Grimoire of Bread
101344 | Crypt:3  | Identified the +4 scale mail of the Goldsmith {+Blink SInv}
                  | (You found it on level 3 of the Crypt)
102548 | Slime:1  | Entered Level 1 of the Pits of Slime
102902 | Depths:5 | Entered Level 5 of the Depths
103032 | Depths:5 | Noticed a juggernaut
103036 | Depths:5 | Killed a juggernaut
103036 | Depths:5 | Reached XP level 27. HP: 68/163 MP: 23/39
103473 | Depths:5 | Found a gate to the Realm of Zot.
103505 | Depths:5 | Found a magical portal.
104648 | Orc:2    | Bought a scroll of teleportation for 93 gold pieces
104934 | Hell     | Entered the Vestibule of Hell
104934 | Hell     | Noticed Geryon
105032 | Hell     | Killed Geryon
105351 | Hell     | Reached skill level 15 in Fighting
105584 | Hell     | Found a gateway to the decaying netherworld of Tartarus.
105640 | Hell     | Found a gateway to the freezing wastes of Cocytus.
105875 | Hell     | Found a gateway to the Iron City of Dis.
105963 | Hell     | Found a gateway to the ashen valley of Gehenna.
106022 | Geh:1    | Entered Level 1 of Gehenna
110806 | Geh:5    | Reached skill level 10 in Evocations
113765 | Geh:6    | Reached skill level 15 in Spellcasting
115185 | Geh:7    | Entered Level 7 of Gehenna
116919 | Geh:7    | Identified the +7 sceptre of Asmodeus
116919 | Geh:7    | Noticed Asmodeus
117799 | Geh:7    | Killed Asmodeus
118163 | Tar:1    | Entered Level 1 of Tartarus
123454 | Tar:3    | Gained mutation: Scrolls take you a little longer to read.
                  | [mutagenic glow]
123458 | Tar:3    | Lost mutation: You have a pair of small horns on your head.
                  | [potion of mutation]
123458 | Tar:3    | Lost mutation: Scrolls take you a little longer to read.
                  | [potion of mutation]
123458 | Tar:3    | Lost mutation: You possess an exceptional clarity of mind.
                  | [potion of mutation]
123458 | Tar:3    | Gained mutation: Your magical capacity is low. (-10% MP)
                  | [potion of mutation]
123458 | Tar:3    | Gained mutation: You are partially covered in slimy green
                  | scales. (AC +2) [potion of mutation]
124409 | Tar:3    | Reached skill level 27 in Air Magic
128249 | Tar:7    | Entered Level 7 of Tartarus
130047 | Tar:7    | Noticed Ereshkigal
130864 | Tar:5    | Reached skill level 27 in Armour
131681 | Tar:7    | Killed Ereshkigal
131809 | Tar:7    | Got a bone rune of Zot
132007 | Tar:7    | Identified Toup's Handbook of Earth and Arcane Weapons
132495 | Tar:7    | Identified the +0 plate armour "Xixt" {Str+2} (You found it
                  | on level 7 of Tartarus)
132508 | Tar:7    | Learned a level 8 spell: Necromutation
132561 | Tar:7    | Reached skill level 1 in Transmutations
132567 | Tar:7    | Reached skill level 1 in Necromancy
132806 | Tar:7    | Identified the cursed +1 robe of Creativity {SInv} (You
                  | found it on level 7 of Tartarus)
132856 | Tar:7    | Got a pitted brass ring
132857 | Tar:7    | Identified the ring of Fur Ytre {rElec rN+ Int+3 Dex+4
                  | SInv} (You found it on level 7 of Tartarus)
132864 | Tar:7    | Identified the +2 scale mail of Eternal Night {+Blink rElec
                  | rC- rCorr} (You found it on level 7 of Tartarus)
132958 | Depths:5 | Voluntarily entered the Abyss.
132958 | Abyss:1  | Found a corrupted altar of Lugonu.
133017 | Abyss:1  | Gained mutation: Armour fits poorly on your strangely
                  | shaped body. [a neqoxec]
133180 | Abyss:1  | Reached skill level 5 in Transmutations
133266 | Abyss:1  | Found a corrupted altar of Lugonu.
133429 | Depths:5 | Escaped the Abyss
133479 | Dis:1    | Entered Level 1 of the Iron City of Dis
133976 | Dis:1    | Reached skill level 5 in Necromancy
135350 | Dis:2    | Reached skill level 10 in Transmutations
136968 | Dis:3    | Cast into level 3 of the Abyss (reaper)
137290 | Abyss:3  | Gained mutation: You are weak. (Str -2) [a neqoxec]
137307 | Dis:3    | Escaped the Abyss
138508 | Dis:4    | Reached skill level 10 in Necromancy
142757 | Dis:6    | Reached skill level 15 in Transmutations
144607 | Dis:7    | Entered Level 7 of the Iron City of Dis
145975 | Dis:7    | Reached skill level 15 in Necromancy
147487 | Dis:7    | Identified the +4 staff of Dispater
147487 | Dis:7    | Noticed Dispater
147548 | Dis:7    | Killed Dispater
149677 | Dis:7    | Got a wavering steel ring
149684 | Dis:7    | Identified the ring "Pomu" {rF+ rN+ EV+4 Int-2} (You found
                  | it on level 7 of the Iron City of Dis)
150017 | Dis:7    | Got an iron rune of Zot
151441 | Slime:3  | Noticed Dissolution
151449 | Slime:3  | Killed Dissolution
151457 | Slime:2  | Bought a potion of mutation for 96 gold pieces
151458 | Slime:2  | Lost mutation: Armour fits poorly on your strangely shaped
                  | body. [potion of mutation]
151458 | Slime:2  | Lost mutation: Your magical capacity is low. (-10% MP)
                  | [potion of mutation]
151458 | Slime:2  | Gained mutation: You have a pair of small horns on your
                  | head. [potion of mutation]
151458 | Slime:2  | Gained mutation: Your magical capacity is low. (-10% MP)
                  | [potion of mutation]
151458 | Slime:2  | Gained mutation: You are occasionally teleported next to
                  | monsters. [potion of mutation]
151458 | Slime:2  | Gained mutation: You have sharp toenails. [potion of
                  | mutation]
151561 | Slime:5  | Entered Level 5 of the Pits of Slime
152193 | Slime:5  | Found a viscous altar of Jiyva.
152229 | Slime:5  | Noticed the Royal Jelly
152235 | Slime:5  | Killed the Royal Jelly
153261 | Slime:5  | Got an ancient platinum ring
153299 | Slime:5  | Identified the Reference Book on Confrontation
153301 | Slime:5  | Identified Sif Muna's Guide on Dusty Intoxication
153335 | Slime:5  | Got a slimy rune of Zot
154330 | Slime:3  | Bought a scroll of acquirement for 1092 gold pieces
154330 | Slime:3  | Acquired 2130 gold pieces
154948 | Elf:1    | Entered Level 1 of the Elven Halls
155024 | Elf:1    | Found a portal to a secret trove of treasure.
155034 | Elf:1    | Noticed Agnes
155040 | Elf:1    | Killed Agnes
156136 | Elf:2    | Found Fuheude's Antique Weapon Emporium.
156664 | Elf:2    | Found a runed translucent gate.
156664 | Elf:2    | Found a runed translucent gate.
156665 | Elf:2    | Found a runed translucent gate.
157255 | Elf:3    | Entered Level 3 of the Elven Halls
157924 | Elf:3    | Found the +3 salamander hide armour {+Rage rF++}
158511 | Elf:3    | Identified the ring of Xom's Malicious Joy {rN+ MR+ MP+9}
                  | (You found it on level 5 of the Pits of Slime)
158531 | Elf:3    | Got a brightly glowing brass ring
158548 | Elf:3    | Identified the ring of Piwk {rPois rF+ rC+ Int+2}
159217 | Slime:3  | Bought a scroll of teleportation for 63 gold pieces
159217 | Slime:3  | Bought a scroll of blinking for 157 gold pieces
159601 | Pan      | Entered Pandemonium
160085 | Pan      | Identified the ring "Befi" {Int+6 Stlth-} (You found it on
                  | level 3 of the Elven Halls)
160088 | Pan      | Got a transparent wooden ring
160165 | Pan      | Identified the ring of Wicsif {rC- Str+4 Dex+3 Stlth-} (You
                  | found it in Pandemonium)
160232 | Pan      | Noticed Vayduqoq the pandemonium lord
160240 | Pan      | Killed Vayduqoq the pandemonium lord
161663 | Depths:2 | Escaped Pandemonium
161956 | Vaults:2 | Bought the amulet of Vitality {Regen+ HP+15} for 1422 gold
                  | pieces
161956 | Vaults:2 | Found the amulet of Vitality {Regen+ HP+15}
162787 | Zot:1    | Entered Level 1 of the Realm of Zot
163189 | Zot:1    | Noticed an orb of fire
163197 | Zot:1    | Killed an orb of fire
164371 | Zot:2    | Lost mutation: You are weak. (Str -2) [potion of mutation]
164371 | Zot:2    | Lost mutation: Your magical capacity is low. (-10% MP)
                  | [potion of mutation]
164371 | Zot:2    | Lost mutation: You have a pair of small horns on your head.
                  | [potion of mutation]
164371 | Zot:2    | Gained mutation: You possess an exceptional clarity of
                  | mind. [potion of mutation]
164371 | Zot:2    | Gained mutation: Your mind is acute. (Int +2) [potion of
                  | mutation]
164372 | Zot:2    | Lost mutation: You possess an exceptional clarity of mind.
                  | [potion of mutation]
164372 | Zot:2    | Lost mutation: You are partially covered in slimy green
                  | scales. (AC +2) [potion of mutation]
164372 | Zot:2    | Lost mutation: Your mind is acute. (Int +2) [potion of
                  | mutation]
164372 | Zot:2    | Lost mutation: You have sharp toenails. [potion of
                  | mutation]
164372 | Zot:2    | Gained mutation: You have sharp fingernails. [potion of
                  | mutation]
165201 | Zot:2    | Found a sacrificial altar of Ru.
165825 | Zot:3    | Noticed an orb of fire
165833 | Zot:3    | Killed an orb of fire
167288 | Zot:3    | Noticed an ancient lich
167591 | Zot:3    | Killed an ancient lich
168477 | Zot:5    | Entered Level 5 of the Realm of Zot
169069 | Zot:5    | Noticed an ancient lich
169076 | Zot:5    | Killed an ancient lich
169137 | Zot:5    | Noticed an orb of fire
169141 | Zot:5    | Killed an orb of fire
169489 | Zot:5    | Noticed an ancient lich
169495 | Zot:5    | Killed an ancient lich
169504 | Zot:5    | Noticed an orb of fire
169516 | Zot:5    | Killed an orb of fire
171118 | Lair:6   | Fell from the grace of Gozag
171118 | Lair:6   | Became a worshipper of Jiyva Jazxyvuh the Shapeless
173184 | Lair:6   | Reached * piety under Jiyva
173430 | Orc:1    | Reached ** piety under Jiyva
173506 | Orc:1    | Reached *** piety under Jiyva
173507 | Orc:1    | Gained mutation: You expend magic power (3 MP) to
                  | strengthen your wands. [Jiyva's grace]
173553 | Orc:2    | Lost mutation: You are occasionally teleported next to
                  | monsters. [Jiyva's grace]
173553 | Orc:2    | Reached **** piety under Jiyva
173571 | Orc:2    | Gained mutation: Your mind is acute. (Int +2) [Jiyva's
                  | grace]
173578 | Orc:2    | Reached ***** piety under Jiyva
173587 | Orc:2    | Gained mutation: Your flesh is cold resistant. (rC+)
                  | [Jiyva's grace]
173592 | Orc:2    | Gained mutation: Your magical capacity is low. (-10% MP)
                  | [Jiyva's grace]
173611 | Orc:2    | Reached ****** piety under Jiyva
173613 | Orc:2    | Lost mutation: You expend magic power (3 MP) to strengthen
                  | your wands. [Jiyva's grace]
173655 | Orc:2    | Lost mutation: Your magical capacity is low. (-10% MP)
                  | [Jiyva's power]
173864 | Coc:1    | Entered Level 1 of Cocytus
173885 | Hell     | Gained mutation: You are partially covered in large bone
                  | plates. (SH +4) [Jiyva's grace]
173897 | Hell     | Gained mutation: Your rubbery body absorbs attacks. (AC +1,
                  | EV +1) [Jiyva's grace]
174178 | Vaults:5 | Identified the cursed +0 ring mail "Cuasunt" {Int+4 Dex+2
                  | Slay-4 Stlth+}
174363 | Vaults:5 | Gained mutation: You have acidic saliva. [Jiyva's grace]
174378 | Vaults:5 | Gained mutation: You are robust. (+10% HP) [Jiyva's grace]
174384 | Vaults:5 | Lost mutation: Your mind is acute. (Int +2) [Jiyva's grace]
174386 | Vaults:5 | Lost mutation: You are robust. (+10% HP) [Jiyva's grace]
174388 | Vaults:5 | Gained mutation: Your mind is acute. (Int +2) [Jiyva's
                  | grace]
174389 | Vaults:5 | Gained mutation: Your pliable body absorbs attacks. (AC +2,
                  | EV +2) [Jiyva's grace]
174392 | Vaults:5 | Gained mutation: You are clumsy. (Dex -2) [Jiyva's grace]
174393 | Vaults:5 | Lost mutation: You are clumsy. (Dex -2) [Jiyva's grace]
174394 | Vaults:5 | Gained mutation: You expend magic power (3 MP) to
                  | strengthen your wands. [Jiyva's grace]
174395 | Vaults:5 | Lost mutation: Your pliable body absorbs attacks. (AC +2,
                  | EV +2) [Jiyva's grace]
174397 | Vaults:5 | Gained mutation: Armour fits poorly on your strangely
                  | shaped body. [Jiyva's grace]
174399 | Vaults:5 | Gained mutation: You are agile. (Dex +2) [Jiyva's grace]
174405 | Vaults:5 | Gained mutation: You have a somewhat thin skeletal
                  | structure. (Dex +2, Stealth) [Jiyva's grace]
174438 | Vaults:5 | Gained mutation: Scrolls take you a little longer to read.
                  | [Jiyva's grace]
174440 | Vaults:5 | Found the +8 Wrath of Trog {antimagic, *Rage}
174474 | Vaults:5 | Lost mutation: You have a somewhat thin skeletal structure.
                  | (Dex +2, Stealth) [Jiyva's grace]
174482 | Vaults:5 | Gained mutation: You are resistant to hostile enchantments.
                  | (MR+) [Jiyva's grace]
174506 | Vaults:5 | Got a silver rune of Zot
174525 | Vaults:5 | Gained mutation: Your mind is very acute. (Int +4) [Jiyva's
                  | grace]
174579 | Vaults:5 | Noticed Bai Suzhen
174590 | Vaults:5 | Killed Bai Suzhen
174634 | Vaults:5 | Gained mutation: Your pliable body absorbs attacks. (AC +2,
                  | EV +2) [Jiyva's grace]
174742 | Vaults:5 | Identified the +1 robe of the Equinox {Harm rF+++ rC- SInv
                  | Stlth+}
174819 | Vaults:5 | Lost mutation: You have acidic saliva. [Jiyva's grace]
175209 | Vaults:5 | Gained mutation: You have large cloven feet. [Jiyva's
                  | grace]
175793 | Depths:1 | Voluntarily entered the Abyss.
175862 | Abyss:1  | Paralysed by a lich for 4 turns
176710 | Abyss:1  | Noticed an ancient lich
176723 | Abyss:1  | Killed an ancient lich
177327 | Abyss:3  | Gained mutation: Your gelatinous body deflects attacks. (AC
                  | +3, EV +3) [Jiyva's grace]
177572 | Abyss:3  | Paralysed by accursed screaming for 1 turns
177728 | Abyss:3  | Gained mutation: Scrolls take you longer to read. [a
                  | neqoxec]
177802 | Abyss:3  | Lost mutation: You are agile. (Dex +2) [Jiyva's grace]
177874 | Abyss:3  | Noticed a juggernaut
177879 | Abyss:3  | Killed a juggernaut
178573 | Abyss:4  | Found a corrupted altar of Lugonu.
178584 | Abyss:4  | Paralysed by accursed screaming for 1 turns
178715 | Abyss:4  | Found a corrupted altar of Lugonu.
178813 | Abyss:4  | Lost mutation: Scrolls take you longer to read. [Jiyva's
                  | grace]
178980 | Abyss:4  | Got an abyssal rune of Zot
179010 | Abyss:5  | Entered Level 5 of the Abyss
179097 | Abyss:5  | Noticed an ancient lich
179100 | Abyss:5  | Paralysed by an ancient lich for 6 turns
179107 | Abyss:5  | Killed an ancient lich
179107 | Abyss:5  | Was forgiven by Gozag
179109 | Depths:1 | Escaped the Abyss
179170 | Depths:1 | Lost mutation: Armour fits poorly on your strangely shaped
                  | body. [Jiyva's power]
179208 | Pan      | Entered Pandemonium
179960 | Pan      | Gained mutation: Armour fits poorly on your strangely
                  | shaped body. [a neqoxec]
180094 | Pan      | Lost mutation: You expend magic power (3 MP) to strengthen
                  | your wands. [Jiyva's grace]
180835 | Pan      | Noticed Mushal the pandemonium lord
180854 | Pan      | Was placed under penance by Jiyva
180858 | Pan      | Killed Mushal the pandemonium lord
181058 | Pan      | Got a clouded marble ring
181214 | Pan      | Reached skill level 27 in Fighting
181474 | Pan      | Identified the ring "Dakump" {+Fly rC+ Slay+2} (You found
                  | it in Pandemonium)
181476 | Pan      | Identified the +9 plate armour of the Elven Halls {rElec
                  | rPois Regen+ Dex-5} (You found it in Pandemonium)
181607 | Pan      | Got a demonic rune of Zot
182058 | Pan      | Noticed Rud Kium the pandemonium lord
182075 | Pan      | Killed Rud Kium the pandemonium lord
182100 | Pan      | Was forgiven by Jiyva
182474 | Pan      | Gained mutation: You tend to lose your temper in combat. [a
                  | neqoxec]
183157 | Pan      | Noticed Deed the pandemonium lord
183162 | Pan      | Gained mutation: Your spells are a little harder to cast,
                  | but a little more powerful. [Jiyva's grace]
183165 | Pan      | Killed Deed the pandemonium lord
183215 | Pan      | Gained mutation: You have a small jelly attached to you
                  | that may absorb incoming projectiles. [Jiyva's grace]
183906 | Pan      | Got a scorched flail
183910 | Pan      | Identified the +11 flail of the Madman {flame, +Blink rN+
                  | Int+4 Stlth+} (You found it in Pandemonium)
184433 | Pan      | Noticed Ivavim Hide the pandemonium lord
184441 | Pan      | Killed Ivavim Hide the pandemonium lord
184528 | Pan      | Lost mutation: Armour fits poorly on your strangely shaped
                  | body. [potion of mutation]
184528 | Pan      | Lost mutation: You have sharp fingernails. [potion of
                  | mutation]
184528 | Pan      | Lost mutation: You have a small jelly attached to you that
                  | may absorb incoming projectiles. [potion of mutation]
184528 | Pan      | Lost mutation: Your mind is very acute. (Int +4) [potion of
                  | mutation]
184528 | Pan      | Gained mutation: You have hoof-like feet. [potion of
                  | mutation]
184529 | Pan      | Lost mutation: You tend to lose your temper in combat.
                  | [Jiyva's power]
184530 | Pan      | Lost mutation: Scrolls take you a little longer to read.
                  | [Jiyva's power]
185307 | Pan      | Identified the +7 mace "Fywovuh" {drain, Dex+2} (You found
                  | it in Pandemonium)
185416 | Pan      | Found an exit through the horrors of the Abyss.
185429 | Pan      | Noticed Osmigeku the pandemonium lord
185473 | Pan      | Lost mutation: Your spells are a little harder to cast, but
                  | a little more powerful. [Jiyva's grace]
185974 | Pan      | Noticed Edocil the pandemonium lord
186008 | Pan      | Killed Edocil the pandemonium lord
186874 | Pan      | Found an exit through the horrors of the Abyss.
187095 | Pan      | Gained mutation: You evolve. [Jiyva's grace]
187499 | Pan      | Lost mutation: Your mind is acute. (Int +2) [a cacodemon]
188028 | Pan      | Identified the cursed +0 robe of the Farrier {MR+ Int+3}
188073 | Pan      | Identified the ring "Luth" {*Slow +Fly rPois rC+}
188075 | Pan      | Noticed Waupryem the pandemonium lord
188113 | Pan      | Killed Waupryem the pandemonium lord
188255 | Pan      | Identified the Handbook of Freezing Illusion
188652 | Pan      | Noticed Lauf the pandemonium lord
188667 | Pan      | Killed Lauf the pandemonium lord
189374 | Pan      | Gained mutation: You are highly resistant to hostile
                  | enchantments. (MR++) [Jiyva's grace]
190277 | Pan      | Noticed Ridadwisk the pandemonium lord
190284 | Pan      | Killed Ridadwisk the pandemonium lord
190496 | Pan      | Entered the realm of Cerebov.
191019 | Pan      | Reached skill level 27 in Earth Magic
191059 | Pan      | Identified the +6 sword of Cerebov {flame}
191059 | Pan      | Noticed Cerebov
191673 | Pan      | Got a twitching tin ring
191692 | Pan      | Identified Sif Muna's Compendium of Twisted Earth
191772 | Pan      | Identified Qoagetz's Papyrus of the Floating Volcanoes
192268 | Pan      | Killed Cerebov
192341 | Pan      | Got a fiery rune of Zot
192436 | Pan      | Gained mutation: You are partially covered in thin metallic
                  | scales. (AC +2) [Jiyva's grace]
192493 | Pan      | Entered the realm of Lom Lobon.
192935 | Pan      | Noticed Lom Lobon
192951 | Pan      | Killed Lom Lobon
193018 | Pan      | Got a magical rune of Zot
193416 | Pan      | Found an exit through the horrors of the Abyss.
193578 | Pan      | Entered the realm of Gloorx Vloq.
193803 | Pan      | Noticed Gloorx Vloq
193810 | Pan      | Killed Gloorx Vloq
193899 | Pan      | Got a dark rune of Zot
194451 | Pan      | Found an exit through the horrors of the Abyss.
194554 | Pan      | Reached skill level 27 in Conjurations
194784 | Pan      | Found an exit through the horrors of the Abyss.
195217 | Pan      | Noticed Lameyd the pandemonium lord
195226 | Pan      | Killed Lameyd the pandemonium lord
195668 | Pan      | Entered the realm of Mnoleg.
195705 | Pan      | Found an exit through the horrors of the Abyss.
195829 | Pan      | Noticed Mnoleg
195841 | Pan      | Killed Mnoleg
196203 | Pan      | Noticed Ignacio
196208 | Pan      | Killed Ignacio
196630 | Pan      | Reached skill level 27 in Spellcasting
196939 | Pan      | Got a glowing rune of Zot
197266 | Pan      | Identified the ring "Tisoynab" {MP+9 Stlth+} (You found it
                  | in Pandemonium)
197467 | Pan      | Found an exit through the horrors of the Abyss.
198645 | Pan      | Noticed a seraph
198650 | Pan      | Identified the +3 battleaxe of Destruction {flame, rF+
                  | Int+4}
198650 | Pan      | Identified the +0 leather armour of Xuzimit {rF- rN+++}
198652 | Pan      | Killed a seraph
198795 | Pan      | Lost mutation: You are highly resistant to hostile
                  | enchantments. (MR++) [Jiyva's grace]
198919 | Pan      | Found a white marble altar of Elyvilon.
199916 | Pan      | Found a glowing silver altar of Zin.
200973 | Pan      | Found a glowing golden altar of the Shining One.
200990 | Pan      | Identified the Volume of Heat and Black Secrets
201180 | Pan      | Found a huge runed translucent gate.
201181 | Pan      | Found a huge runed translucent gate.
201616 | Pan      | Found an exit through the horrors of the Abyss.
201701 | Pan      | Found a huge runed translucent gate.
201701 | Pan      | Found a huge runed translucent gate.
201701 | Pan      | Found a huge runed translucent gate.
201703 | Pan      | Found a huge runed translucent gate.
201704 | Pan      | Found a huge runed translucent gate.
201795 | Pan      | Noticed Omoex the pandemonium lord
201804 | Pan      | Killed Omoex the pandemonium lord
202317 | Pan      | Reached skill level 15 in Evocations
202477 | Pan      | Noticed Noedoq the pandemonium lord
202483 | Pan      | Killed Noedoq the pandemonium lord
202548 | Pan      | Identified the cursed +1 robe of Old and Reckless {Harm rC-
                  | Slay-6 Stlth+} (You found it in Pandemonium)
202553 | Pan      | Noticed Mehyalin the pandemonium lord
202559 | Pan      | Killed Mehyalin the pandemonium lord
202882 | Depths:2 | Escaped Pandemonium
203156 | Elf:1    | You paid a toll of 13 potions of heal wounds to enter a
                  | treasure trove
203157 | Trove    | Entered a treasure trove
203170 | Trove    | Got a sparkling brass ring
203180 | Trove    | Got a pitted granite ring
203182 | Trove    | Got a flickering wooden ring
203188 | Trove    | Identified the ring "Kakkoniu" {Int+4 Slay+4} (You found it
                  | in a treasure trove)
203189 | Trove    | Identified the ring "Pogew" {rF+ rN+ Str+3} (You found it
                  | in a treasure trove)
203193 | Trove    | Identified the ring "Modweg" {rElec rC- Str+5 Slay+4 SInv}
                  | (You found it in a treasure trove)
203427 | Depths:1 | Gained mutation: You are occasionally teleported next to
                  | monsters. [Jiyva's grace]
203714 | Geh:7    | Got an obsidian rune of Zot
203792 | Geh:7    | Got a spiked helmet
203798 | Geh:7    | Got a translucent plate armour
204035 | Hell     | Identified the +2 helmet of Fedhas's Condemnation {Stlth+}
                  | (You found it on level 7 of Gehenna)
204056 | Hell     | Identified the +8 plate armour "Sourisch" {MP+9} (You found
                  | it on level 7 of Gehenna)
204385 | Coc:6    | Lost mutation: You are occasionally teleported next to
                  | monsters. [Jiyva's power]
205136 | Coc:7    | Entered Level 7 of Cocytus
206083 | Coc:7    | Noticed Antaeus
206097 | Coc:7    | Killed Antaeus
206515 | Coc:7    | Got an icy rune of Zot
206531 | Coc:7    | Got a transparent tin amulet
206548 | Coc:7    | Identified the amulet "Commy" {Regen+ Str+6} (You found it
                  | on level 7 of Cocytus)
206657 | Coc:7    | Gained mutation: You tend to lose your temper in combat.
                  | [evolution]
206736 | Depths:1 | Gained mutation: Armour fits poorly on your pseudopods.
                  | [Jiyva's grace]
206737 | Depths:1 | Lost mutation: You tend to lose your temper in combat.
                  | [Jiyva's power]
206745 | Depths:1 | Lost mutation: Armour fits poorly on your pseudopods.
                  | [Jiyva's grace]
206753 | Depths:1 | Lost mutation: Your gelatinous body deflects attacks. (AC
                  | +3, EV +3) [Jiyva's grace]
207109 | Tomb:1   | Entered Level 1 of the Tomb of the Ancients
207143 | Tomb:1   | Noticed Mara
207144 | Tomb:1   | Noticed Jory
207147 | Tomb:1   | Killed Mara
207153 | Tomb:1   | Killed Jory
207389 | Tomb:1   | Noticed Mennas
207423 | Tomb:1   | Killed Mennas
207856 | Tomb:1   | Noticed a greater mummy
207864 | Tomb:1   | Killed a greater mummy
208275 | Tomb:2   | Noticed a greater mummy
208285 | Tomb:2   | Noticed a greater mummy
208289 | Tomb:2   | Killed a greater mummy
208290 | Tomb:2   | Noticed a greater mummy
208302 | Tomb:2   | Killed a greater mummy
208328 | Tomb:2   | Killed a greater mummy
208338 | Tomb:2   | Noticed a greater mummy
208346 | Tomb:2   | Killed a greater mummy
208748 | Tomb:1   | Noticed a greater mummy
208749 | Tomb:1   | Noticed a greater mummy
208749 | Tomb:1   | Noticed a greater mummy
208750 | Tomb:1   | Noticed a greater mummy
208750 | Tomb:1   | Noticed a greater mummy
208751 | Tomb:1   | Noticed a greater mummy
208775 | Tomb:1   | Gained mutation: Scrolls take you a little longer to read.
                  | [mutagenic glow]
208824 | Tomb:1   | Gained mutation: You tend to lose your temper in combat.
                  | [mutagenic glow]
209054 | Tomb:1   | Noticed a greater mummy
209062 | Tomb:1   | Killed a greater mummy
209071 | Tomb:1   | Killed a greater mummy
209073 | Tomb:1   | Killed a greater mummy
209518 | Tomb:1   | Lost mutation: You are resistant to hostile enchantments.
                  | (MR+) [potion of mutation]
209518 | Tomb:1   | Lost mutation: Scrolls take you a little longer to read.
                  | [potion of mutation]
209518 | Tomb:1   | Lost mutation: Your pliable body absorbs attacks. (AC +2,
                  | EV +2) [potion of mutation]
209518 | Tomb:1   | Lost mutation: Your rubbery body absorbs attacks. (AC +1,
                  | EV +1) [potion of mutation]
209518 | Tomb:1   | Gained mutation: You have an increased reservoir of magic.
                  | (+10% MP) [potion of mutation]
209518 | Tomb:1   | Gained mutation: You have a somewhat thin skeletal
                  | structure. (Dex +2, Stealth) [potion of mutation]
209518 | Tomb:1   | Gained mutation: You have sharp fingernails. [potion of
                  | mutation]
209519 | Tomb:1   | Lost mutation: You evolve. [potion of mutation]
209519 | Tomb:1   | Lost mutation: You have hoof-like feet. [potion of
                  | mutation]
209519 | Tomb:1   | Gained mutation: Your body sometimes deteriorates upon
                  | taking damage. [potion of mutation]
209519 | Tomb:1   | Gained mutation: Your skin changes colour to match your
                  | surroundings (Stealth+). [potion of mutation]
209519 | Tomb:1   | Gained mutation: Your flesh is very cold resistant. (rC++)
                  | [potion of mutation]
209520 | Tomb:1   | Lost mutation: You have an increased reservoir of magic.
                  | (+10% MP) [potion of mutation]
209520 | Tomb:1   | Lost mutation: You tend to lose your temper in combat.
                  | [potion of mutation]
209520 | Tomb:1   | Gained mutation: You possess an exceptional clarity of
                  | mind. [potion of mutation]
209520 | Tomb:1   | Gained mutation: Your flesh is heat resistant. (rF+)
                  | [potion of mutation]
209521 | Tomb:1   | Lost mutation: Your body sometimes deteriorates upon taking
                  | damage. [Jiyva's power]
209719 | Vaults:1 | Lost mutation: Your skin changes colour to match your
                  | surroundings (Stealth+). [Jiyva's grace]
209719 | Vaults:1 | Gained mutation: Your translucent skin slightly reduces
                  | your foes' accuracy. (Stealth) [Jiyva's grace]
209776 | Vaults:1 | Lost mutation: Your flesh is heat resistant. (rF+) [Jiyva's
                  | grace]
209824 | D:14     | Gained mutation: You are resistant to hostile enchantments.
                  | (MR+) [Jiyva's grace]
209963 | Pan      | Entered Pandemonium
210032 | Pan      | Noticed Uzxy the pandemonium lord
210044 | Pan      | Killed Uzxy the pandemonium lord
210703 | Pan      | Noticed Goqogivo the pandemonium lord
210719 | Pan      | Killed Goqogivo the pandemonium lord
211545 | Pan      | Noticed Katufig the pandemonium lord
211554 | Pan      | Killed Katufig the pandemonium lord
211930 | Pan      | Found an exit through the horrors of the Abyss.
212303 | Pan      | Found an exit through the horrors of the Abyss.
212542 | Pan      | Noticed Zoocw the pandemonium lord
212552 | Pan      | Killed Zoocw the pandemonium lord
212789 | Pan      | Identified Vyph's Grimoire of Feathers and Hexes
215164 | Pan      | Noticed Rurrios the pandemonium lord
215170 | Pan      | Killed Rurrios the pandemonium lord
215485 | Depths:2 | Escaped Pandemonium
215581 | D:15     | Gained mutation: Your rubbery body absorbs attacks. (AC +1,
                  | EV +1) [Jiyva's grace]
215688 | Vaults:1 | Lost mutation: Your translucent skin slightly reduces your
                  | foes' accuracy. (Stealth) [Jiyva's grace]
215704 | Vaults:1 | Lost mutation: Your flesh is very cold resistant. (rC++)
                  | [Jiyva's grace]
216083 | Tomb:1   | Noticed a greater mummy
216084 | Tomb:1   | Noticed a greater mummy
216084 | Tomb:1   | Noticed a greater mummy
216086 | Tomb:1   | Killed a greater mummy
216087 | Tomb:1   | Noticed a greater mummy
216092 | Tomb:1   | Noticed a greater mummy
216100 | Tomb:1   | Noticed a greater mummy
216100 | Tomb:1   | Noticed a greater mummy
216101 | Tomb:1   | Noticed a greater mummy
216101 | Tomb:1   | Noticed a greater mummy
216101 | Tomb:1   | Noticed a greater mummy
216101 | Tomb:1   | Noticed a greater mummy
216101 | Tomb:1   | Noticed a greater mummy
216102 | Tomb:1   | Noticed a greater mummy
216353 | Tomb:1   | Killed a greater mummy
216364 | Tomb:1   | HP: 10/214 [greater mummy/divine providence (13)]
216364 | Tomb:1   | HP: 1/214 [greater mummy/divine providence (9)]
216610 | Shoals:2 | Lost mutation: You have large cloven feet. [Jiyva's grace]
216772 | Tomb:1   | Killed a greater mummy
216782 | Tomb:1   | Killed a greater mummy
216787 | Tomb:1   | Killed a greater mummy
216790 | Tomb:1   | Killed a greater mummy
216790 | Tomb:1   | Reached skill level 27 in Necromancy
216791 | Tomb:1   | Noticed a greater mummy
216795 | Tomb:1   | Killed a greater mummy
217124 | Tomb:1   | Killed a greater mummy
217326 | Tomb:1   | Learned a level 9 spell: Shatter
217634 | Tomb:1   | Killed a greater mummy
217737 | Tomb:1   | Killed a greater mummy
217738 | Tomb:1   | Killed a greater mummy
217955 | Tomb:1   | Killed a greater mummy
218037 | Tomb:1   | Killed a greater mummy
218161 | Tomb:1   | Killed a greater mummy
218169 | Tomb:1   | Killed a greater mummy
218251 | Tomb:1   | Killed a greater mummy
218251 | Tomb:1   | Reached skill level 5 in Dodging
218613 | Tomb:2   | Was placed under penance by Jiyva
218807 | Crypt:3  | Was forgiven by Jiyva
218852 | Crypt:3  | Gained mutation: You have a pair of small horns on your
                  | head. [Jiyva's grace]
218893 | Crypt:3  | Gained mutation: You are covered in slimy tendrils that may
                  | disarm your opponents. [Jiyva's grace]
219110 | Vaults:1 | Gained mutation: Your body has grown golden eyes which may
                  | confuse attackers. (Acc +3) [Jiyva's grace]
219428 | Coc:2    | Reached skill level 10 in Shields
219812 | D:15     | Lost mutation: Your flesh is cold resistant. (rC+) [Jiyva's
                  | grace]
220152 | Crypt:3  | Gained mutation: Your muscles are strong. (Str +2) [Jiyva's
                  | grace]
220171 | Crypt:3  | Lost mutation: Your muscles are strong. (Str +2) [Jiyva's
                  | grace]
220497 | Depths:1 | Lost mutation: You have a somewhat thin skeletal structure.
                  | (Dex +2, Stealth) [Jiyva's grace]
220548 | Zig:1    | Entered Level 1 of a ziggurat
220562 | Zig:2    | Entered Level 2 of a ziggurat
220630 | Zig:3    | Entered Level 3 of a ziggurat
220668 | Zig:4    | Entered Level 4 of a ziggurat
220731 | Zig:4    | Noticed Upacs the pandemonium lord
220737 | Zig:4    | Killed Upacs the pandemonium lord
220765 | Zig:5    | Entered Level 5 of a ziggurat
220786 | Zig:5    | Got a vibrating marble ring
220788 | Zig:5    | Identified the cursed ring "Hobin" {rC+ AC-4 Str-5 Dex+6
                  | SInv} (You found it on level 5 of a ziggurat)
220820 | Zig:6    | Entered Level 6 of a ziggurat
220825 | Zig:6    | Found the +7 Singing Sword {vorpal, sonic wave}
220844 | Zig:6    | Got a coiled turquoise ring
220868 | Zig:7    | Entered Level 7 of a ziggurat
220895 | Zig:7    | Identified the +1 ice dragon scales "Diegog" {*Slow rPois
                  | rF- rC++ Int+2} (You found it on level 7 of a ziggurat)
220897 | Zig:7    | Identified the ring of Porufit {Ice *Contam +Inv Str+8
                  | Stlth+} (You found it on level 6 of a ziggurat)
221190 | Zig:8    | Entered Level 8 of a ziggurat
221235 | Zig:9    | Entered Level 9 of a ziggurat
221248 | Zig:9    | Found the +7 Kryia's mail coat {PotionHeal*2 rC+}
221311 | Zig:10   | Entered Level 10 of a ziggurat
221334 | Zig:10   | Identified the Collected Works on Spatial Hexes
221368 | Zig:10   | Got an ancient hat
221374 | Zig:10   | Identified the cursed +0 hat "Polokhyi" {rC+ Str+2} (You
                  | found it on level 10 of a ziggurat)
221382 | Zig:11   | Entered Level 11 of a ziggurat
221424 | Zig:12   | Entered Level 12 of a ziggurat
221464 | Zig:12   | Acquired 2080 gold pieces
221486 | Zig:13   | Entered Level 13 of a ziggurat
221505 | Zig:13   | Reached skill level 10 in Dodging
221524 | Zig:13   | Identified the Guide on Frigorific Poison
221526 | Zig:14   | Entered Level 14 of a ziggurat
221702 | Zig:14   | Lost mutation: You have a pair of small horns on your head.
                  | [Jiyva's grace]
221712 | Zig:14   | Gained mutation: You have acidic saliva. [Jiyva's grace]
221719 | Zig:14   | Lost mutation: You have acidic saliva. [Jiyva's grace]
221736 | Zig:14   | Lost mutation: You possess an exceptional clarity of mind.
                  | [Jiyva's grace]
221742 | Zig:14   | Identified the Reference Book on Black Magic and Lightness
221744 | Zig:14   | Identified the Compendium of Good Luck and Conjuration
221747 | Zig:14   | Identified Rifa Lios's Papyrus of the Boosting Traveller
221756 | Zig:15   | Entered Level 15 of a ziggurat
221789 | Zig:15   | Reached skill level 15 in Shields
221798 | Zig:15   | Identified Sif Muna's Disquisition on Congealing
                  | Translocation
221808 | Zig:15   | Acquired the +8 lance "Wyrmbane" {slay drac, rPois rF+ rC+
                  | AC+3}
221809 | Zig:15   | Found the +8 lance "Wyrmbane" {slay drac, rPois rF+ rC+
                  | AC+3}
221823 | Zig:16   | Entered Level 16 of a ziggurat
221843 | Zig:16   | Found the +4 Cigotuvi's embrace {rRot *Drain rN+}
221859 | Zig:16   | Got an ichor-stained cloak
221870 | Zig:16   | Identified the +2 cloak of Desaufoc {Harm *Slow rN+} (You
                  | found it on level 16 of a ziggurat)
221920 | Zig:17   | Entered Level 17 of a ziggurat
221971 | Zig:17   | Found the +3 pair of gauntlets of War {Slay+5}
221971 | Zig:17   | Found the +8 glaive of the Guard {elec, +Rage AC+5 SInv}
222088 | Zig:17   | Lost mutation: You have sharp fingernails. [Jiyva's grace]
222097 | Zig:17   | Gained mutation: You have a pair of small antennae on your
                  | head. [Jiyva's grace]
222104 | Zig:17   | Gained mutation: You have sharp toenails. [Jiyva's grace]
222129 | Zig:18   | Entered Level 18 of a ziggurat
222140 | Zig:18   | Noticed Buirit the pandemonium lord
222142 | Zig:18   | Noticed Enessey the pandemonium lord
222153 | Zig:18   | Noticed Ciunuy the pandemonium lord
222158 | Zig:18   | Killed Ciunuy the pandemonium lord
222161 | Zig:18   | Killed Buirit the pandemonium lord
222170 | Zig:18   | Noticed Alolaiveg the pandemonium lord
222183 | Zig:18   | Killed Alolaiveg the pandemonium lord
222189 | Zig:18   | Noticed Ryoh Xeh the pandemonium lord
222189 | Zig:18   | Noticed Cath the pandemonium lord
222190 | Zig:18   | Noticed Voessanoo the pandemonium lord
222198 | Zig:18   | Killed Ryoh Xeh the pandemonium lord
222203 | Zig:18   | Killed Cath the pandemonium lord
222236 | Zig:18   | Killed Voessanoo the pandemonium lord
222239 | Zig:18   | Noticed Nymest the pandemonium lord
222247 | Zig:18   | Noticed Resocitua the pandemonium lord
222250 | Zig:18   | Killed Nymest the pandemonium lord
222255 | Zig:18   | Noticed Waushroifi the pandemonium lord
222256 | Zig:18   | Noticed Vyutrir the pandemonium lord
222259 | Zig:18   | Killed Resocitua the pandemonium lord
222259 | Zig:18   | Killed Enessey the pandemonium lord
222269 | Zig:18   | Killed Waushroifi the pandemonium lord
222270 | Zig:18   | Killed Vyutrir the pandemonium lord
222312 | Zig:18   | Gained mutation: Your body has grown many golden eyes which
                  | may confuse attackers. (Acc +5) [Jiyva's grace]
222324 | Zig:18   | Found the +3 Elemental Staff {rElec rF++ rC++ MR++ AC+5}
222451 | Zig:19   | Entered Level 19 of a ziggurat
222487 | Zig:19   | Noticed an ancient lich
222494 | Zig:19   | Killed an ancient lich
222508 | Zig:19   | Noticed an ancient lich
222518 | Zig:19   | Killed an ancient lich
222523 | Zig:19   | Noticed an ancient lich
222535 | Zig:19   | Killed an ancient lich
222581 | Zig:19   | Found the +10 dark maul {vorpal}
222595 | Zig:19   | Identified Vaixtub's Reference Book on Flamy Unholy Arts
222607 | Zig:19   | Gained mutation: Your muscles are strong. (Str +2) [Jiyva's
                  | grace]
222612 | Zig:19   | Got an ichor-stained kite shield
222613 | Zig:19   | Lost mutation: Your rubbery body absorbs attacks. (AC +1,
                  | EV +1) [Jiyva's grace]
222628 | Zig:19   | Identified the +6 kite shield of Fuil {Regen+ Str+2} (You
                  | found it on level 19 of a ziggurat)
222630 | Zig:19   | Lost mutation: You are covered in slimy tendrils that may
                  | disarm your opponents. [Jiyva's grace]
222660 | Zig:19   | Lost mutation: You have a pair of small antennae on your
                  | head. [Jiyva's grace]
222687 | Zig:20   | Entered Level 20 of a ziggurat
222718 | Zig:20   | Found the +11 plutonium sword {*Contam Stlth-}
222720 | Zig:20   | Reached skill level 15 in Dodging
222725 | Zig:20   | Identified Ytzucsuq's Almanac of Transformation
222751 | Zig:20   | Got a translucent bone ring
222781 | Zig:20   | Identified the ring of Boechim {+Blink rPois rF+ rC+ Str-3}
                  | (You found it on level 20 of a ziggurat)
222787 | Zig:20   | Lost mutation: You are resistant to hostile enchantments.
                  | (MR+) [Jiyva's grace]
222791 | Zig:20   | Got a clouded glass ring
222799 | Zig:21   | Entered Level 21 of a ziggurat
222894 | Zig:21   | Identified Sif Muna's Tome of Hurtful Self-Knowledge
222906 | Zig:21   | Identified the ring of Desertification {*Slow rPois rC+
                  | Dex+3} (You found it on level 20 of a ziggurat)
222908 | Zig:21   | Identified the cursed +1 scale mail of Feutaot {+Fly rElec
                  | rPois Stlth-} (You found it on level 21 of a ziggurat)
222914 | Zig:22   | Entered Level 22 of a ziggurat
223089 | Zig:22   | Identified Giakhlas's Disquisition on the Escort
223111 | Zig:22   | Identified the Compendium of Creative Blows and Bruises
223128 | Zig:23   | Entered Level 23 of a ziggurat
223276 | Zig:23   | Got a flickering lead amulet
223279 | Zig:23   | Got a brightly glowing steel ring
223284 | Zig:23   | Got a wavering steel ring
223313 | Zig:23   | Identified the amulet of Puzitasui {Spirit Str+3 Dex+6}
                  | (You found it on level 23 of a ziggurat)
223314 | Zig:23   | Identified the ring "Geatupaf" {rPois EV+4} (You found it
                  | on level 23 of a ziggurat)
223318 | Zig:23   | Identified the ring "Uvol" {EV+4 Str+4} (You found it on
                  | level 23 of a ziggurat)
223324 | Zig:23   | Got a faintly glowing iron ring
223327 | Zig:23   | Identified the ring of the Middle {+Fly MR+ Dex+2} (You
                  | found it on level 23 of a ziggurat)
223342 | Zig:23   | Gained mutation: You passively map a small area around you.
                  | [Jiyva's grace]
223358 | Zig:23   | Lost mutation: You have sharp toenails. [Jiyva's grace]
223373 | Zig:23   | Gained mutation: Your rubbery body absorbs attacks. (AC +1,
                  | EV +1) [Jiyva's grace]
223388 | Zig:23   | Gained mutation: Armour fits poorly on your pseudopods.
                  | [Jiyva's grace]
223397 | Zig:23   | Gained mutation: You are resistant to hostile enchantments.
                  | (MR+) [Jiyva's grace]
223400 | Zig:23   | Gained mutation: You evolve. [Jiyva's grace]
223409 | Zig:23   | Lost mutation: Your muscles are strong. (Str +2) [Jiyva's
                  | grace]
223423 | Zig:23   | Lost mutation: You evolve. [Jiyva's grace]
223423 | Zig:23   | Gained mutation: You are somewhat resistant to further
                  | mutation. [Jiyva's grace]
223430 | Zig:23   | Gained mutation: You passively map the area around you.
                  | [Jiyva's grace]
223433 | Zig:23   | Lost mutation: You are partially covered in large bone
                  | plates. (SH +4) [Jiyva's grace]
223437 | Zig:23   | Lost mutation: Armour fits poorly on your pseudopods.
                  | [Jiyva's grace]
223479 | Zig:24   | Entered Level 24 of a ziggurat
223545 | Zig:24   | Noticed Zobus the pandemonium lord
223546 | Zig:24   | HP: 8/214 [Hell Sentinel/damnation (20)]
223546 | Zig:24   | HP: 1/214 [torturous warmonger/+6 glaive of flaming (7)]
223546 | Zig:24   | Killed from afar by a deep elf high priest

Illustrated notes

Levels and vault maps discovered:
D:1:      minmay_arrival_open_corners, layout_basic
D:2:      layout_loops_ring, nicolae_overflow_crystal_walls, minmay_octomino_c4
D:3:      layout_loops_corners, uniq_sigmund, uniq_crazy_yiuf_cottage, uniq_ijyb
D:4:      layout_loops_ring, kennysheep_little_box, overflow_temple_1_default,
          old_standard_altar, nemelex_xobeh_ov_fountains_minmay,
          minmay_temple_entry_slanted, fedhas_ov_isle_minmay
D:5:      layout_rooms, basic_altar, uniq_duvessa, uniq_edmund
D:6:      kb_forest_paths, layout_basic, serial_shops, shop, shop_fountains,
          kennysheep_mini_moat, uniq_blork_the_orc
D:7:      minmay_slanted_spiral_squares, layout_basic,
          nicolae_gozag_seed_capital, minmay_misc_feat_encased,
          serial_park_tiny_2, lemuel_flamethrower_2
D:8:      layout_basic, lemuel_round_altar, kennysheep_mini,
          overflow_temple_1_default
D:9:      layout_gridville, minitemple, lair_entry_dummy
D:10:     layout_grid_maze, uniq_nergalle
D:11:     layout_loops_cross, david_orc_2, ebering_ghost_inner_flame,
          uniq_sonja, uniq_maurice
D:12:     layout_roguey [special_room_bee], laboratory
D:13:     layout_cave_pools, serial_shops, shop_statue, shop, shop_fountains,
          nicolae_two_hexagons, nicolae_dithmenos_shadow_blocks
D:14:     layout_long_grid, lightli_vaults_fourway_checkpoint, serial_glass,
          glass_columns_b, glass_columns_b, gauntlet_entry_generic, basic_altar
D:15:     hangedman_depths_entry_civil_slaughter, layout_basic,
          minmay_misc_feat_doors, tgw_lugonu_bribe
Temple:   jpeg_temple_island
Lair:1:   layout_chaotic_city, infiniplex_staircase_pool_2, uniq_prince_ribbit2
Lair:2:   layout_regular_city, minmay_shoals_entry_hut,
          nicolae_quartered_pool_medium
Lair:3:   layout_small_grid, guppyfry_snake_entry_garden
Lair:4:   cheibrodos_lair_river_kwai, layout_regular_city, grunt_megastairs_3,
          uniq_kirke
Lair:5:   layout_cave_pods, minmay_slime_entry_jelly_boxes, uniq_urug
Lair:6:   hangedman_lair_in_review, layout_regular_city, wormcave,
          portal_ice_cave_entry_imps, gammafunk_ghost_ooze, lemuel_fruit_tree
Shoals:1: layout_shoals, minmay_shop_mass
Shoals:2: layout_shoals
Shoals:3: layout_shoals, serial_shops, shop, nicolae_shoals_hunting_party,
          uniq_louise
Shoals:4: shoals_end_grunt_garden, layout_shoals,
          nicolae_shoals_square_sea_wall, uniq_polyphemus
Snake:1:  layout_basic, basic_altar
Snake:2:  layout_layer_cave, basic_altar
Snake:3:  layout_gridlike, st_stairs_9, uniq_aizul
Snake:4:  snake_pit_salamanders_mu, layout_cave_town, drop_trap
Slime:1:  layout_caves
Slime:2:  layout_caves
Slime:3:  layout_caves, uniq_dissolution
Slime:4:  layout_caves, cheibrodos_slime_lost_civilization_7
Slime:5
Orc:1:    layout_caves, serial_shops, uniq_fannar
Orc:2:    grunt_orc_community_town_hall, layout_caves,
          grunt_orc_community_big_house_1, grunt_orc_community_big_house_1,
          grunt_orc_community_house_2, grunt_orc_community_house_2,
          grunt_orc_community_house_3, grunt_orc_community_house_1,
          grunt_orc_community_house_3
Elf:1:    eino_elf_arrival_shootout, layout_gridlike, enter_trove_1,
          minmay_elf_crystal_hexagon, uniq_agnes
Elf:2:    layout_geoelf_octagon, serial_shops, shop_fountains
Elf:3:    minmay_elf_hall_x, layout_loops_ring
Vaults:1: vaults_room_glass_cross, grunt_vaults_hallway_short,
          vaults_room_grunt_arrival_ludios, v_misc_29,
          grunt_vaults_hallway_short, hangedman_vaults_variations,
          nicolae_vaults_shelves_hall, v_misc_24, layout_vaults_omnigrid,
          serial_shops, shop
Vaults:2: nicolae_vaults_shelves_hall, nicolae_vaults_network_barrier,
          v_misc_32, grunt_vaults_hallway_long, ontoclasm_vaults_loading_screen,
          ontoclasm_vaults_hangar, vaults_room_pool,
          vaults_room_hangedman_quadrants, minmay_crypt_entry_skeletal_spiral,
          vaults_room_door_hall, vaults_dpeg_cross,
          nicolae_vaults_yaktaur_gun_rack, dpeg_vaults_monster_box,
          layout_vaults_omnicross
Vaults:3: v_misc_13, vaults_room_fours, v_alt_pattern_4, v_rooms_5,
          vaults_mumra_hex, ontoclasm_vaults_fault,
          nicolae_vaults_sealed_display, v_misc_12,
          nicolae_vaults_ninety_degrees, vaults_dpeg_ring, v_misc_8,
          nicolae_vaults_holding_cells, layout_vaults_ring, serial_shops, shop
Vaults:4: v_misc_19, nicolae_vaults_three_branches,
          ontoclasm_vaults_claustrophobia, nicolae_vaults_little_squares_6,
          nicolae_vaults_network_square, ontoclasm_vaults_spin,
          vaults_door_vault, nicolae_vaults_alarming, grunt_vaults_focal,
          layout_vaults_chaotic_city, serial_shops, shop, uniq_donald
Vaults:5: uniq_bai_suzhen
Crypt:1:  layout_misc_corridors, roderic_lattice_octagonal_star
Crypt:2:  layout_gridlike
Crypt:3:  grunt_crypt_end_deaths_head
Tomb:1:   uniq_mennas, uniq_mara, uniq_jory
Tomb:2
Depths:1: layout_basic, enter_ziggurat_c, abyss_entry_flame_altar,
          grunt_metal_band, grunt_ministairs_8, minmay_librarian
Depths:2: hangedman_hanging_gardens, layout_basic, minmay_staircase_bubble,
          hell_entry, grunt_pan_entry_in_and_out, serial_bayou_shore_a
Depths:3: minmay_the_grid_ultimate
          [minmay_the_grid_prize_four_corners_diamond_a,
          minmay_the_grid_prize_four_corners_diamond_b,
          minmay_the_grid_prize_diamond_cup, minmay_the_grid_prize_trominoes,
          minmay_the_grid_square_5x5_two, minmay_the_grid_square_5x5_three,
          minmay_the_grid_square_5x5_shrine2,
          minmay_the_grid_square_5x5_two_walls_a, minmay_the_grid_square_5x5_c,
          minmay_the_grid_square_5x5_doubleslash, minmay_the_grid_square_5x5_v,
          minmay_the_grid_square_5x5_shuriken,
          minmay_the_grid_square_5x5_inner_v,
          minmay_the_grid_square_5x5_six_small,
          minmay_the_grid_square_5x5_trominoes,
          minmay_the_grid_square_5x5_eight, minmay_the_grid_square_5x5_slash,
          minmay_the_grid_square_5x5_mess, minmay_the_grid_square_5x5_comb,
          minmay_the_grid_triangle_9x9_alien,
          minmay_the_grid_triangle_9x9_zippers_vertical,
          minmay_the_grid_triangle_9x9_zippers_horizontal,
          minmay_the_grid_triangle_9x9_pentomino_pain,
          minmay_the_grid_triangle_9x9_minimal,
          minmay_the_grid_triangle_9x9_longest,
          minmay_the_grid_triangle_9x9_shrine,
          minmay_the_grid_triangle_9x9_empty,
          minmay_the_grid_triangle_9x9_skeleton,
          minmay_the_grid_triangle_9x9_dagger,
          minmay_the_grid_triangle_9x9_subtriangle,
          minmay_the_grid_triangle_9x9_corrupted_corridor,
          minmay_the_grid_triangle_9x9_empty,
          minmay_the_grid_triangle_9x9_sprig,
          minmay_the_grid_triangle_9x9_warning,
          minmay_the_grid_triangle_9x9_fully_insulated_deathbox,
          minmay_the_grid_square_5x5_moneybag, minmay_the_grid_octo_fan_narrow,
          minmay_the_grid_octo_chip, minmay_the_grid_octo_tetromino_candy,
          minmay_the_grid_octo_odd_swirl, minmay_the_grid_octo_clover_2,
          minmay_the_grid_octo_checkered, minmay_the_grid_octo_shrine,
          minmay_the_grid_octo_teeth, minmay_the_grid_box_x,
          minmay_the_grid_eight, minmay_the_grid_stretched_grid,
          minmay_the_grid_embedded], pan_entry, serial_shops, hell_entry
Depths:4: minmay_skeleton_keep, layout_cave_pools, kennysheep_another_room,
          grunt_hell_entry_dis_grunt, grunt_pan_entry_zigzag, abyss_entry,
          uniq_sojobo
Depths:5: grunt_zot_entry_bicorn, layout_cave_pools, hell_entry, abyss_entry,
          hangedman_abyss_or_decor_jellyfish_corner, mu_enter_wizlab_2,
          evilmike_butchery
Hell
Dis:1:    layout_subdivisions
Dis:2:    layout_gridville
Dis:3:    layout_gridville
Dis:4:    layout_overlapping_boxes, evilmike_ambush
          [evilmike_ambush_outer_corners, evilmike_ambush_inner_basic]
Dis:5:    layout_regular_city, hangedman_dis_decor_blocks_mantle
Dis:6:    layout_gridville
Dis:7:    dis_st
Geh:1:    layout_gehenna_pools_box
Geh:2:    layout_gehenna_lava_caves
Geh:3:    layout_gehenna_lava_caves
Geh:4:    layout_gehenna_pools_basic
Geh:5:    layout_gehenna_lava_caves
Geh:6:    layout_gehenna_pools_basic
Geh:7:    geh_old
Coc:1:    layout_ice_bergs
Coc:2:    layout_cocytus_water_paths
Coc:3:    layout_cocytus_water_paths
Coc:4:    layout_cocytus_water_paths
Coc:5:    layout_ice_bergs
Coc:6:    layout_ice_bergs
Coc:7:    coc_old
Tar:1:    layout_grid_maze
Tar:2:    layout_honeycomb
Tar:3:    layout_grid_maze, nicolae_tar_cuneiform_two
Tar:4:    layout_catacombs
Tar:5:    layout_honeycomb
Tar:6:    layout_grid_maze, grunt_megastairs_1
Tar:7:    tar_old
Zot:1:    grunt_zot_stairs_overgrown, layout_gridlike, st_stairs_14
Zot:2:    hangedman_orp_of_zott, layout_onion
Zot:3:    layout_cellular_growth, nzn_random_ring, grunt_megastairs_2
Zot:4:    layout_onion_interference
Zot:5:    layout_gridlike, skrybe_zot_glass_2
Zig:24

Skill      XL: |  1  2  3  4  5  6  7  8  9 10 11 12 13 14 15 16 17 18 19 20 21 22 23 24 25 26 27 |
---------------+----------------------------------------------------------------------------------+-----
Earth Magic    | 5 6 7 8 10 11 13 14 16 17 19 27 | 27.0
Fighting       | 2 3 5 6 7 8 9 10 11 12 13 14 27 | 27.0
Spellcasting   | 3 4 5 6 7 8 9 10 11 12 27 | 27.0
Conjurations   | 1 2 4 6 8 9 11 12 14 15 16 17 27 | 27.0
Armour         | 2 6 8 10 12 14 15 17 18 19 20 21 22 27 | 27.0
Air Magic      | 1 5 9 12 14 16 18 19 20 22 23 27 | 27.0
Shields        | 5 22 | 22.1
Evocations     | 2 3 6 22 | 22.8
Transmutations | 22 | 22.3
Necromancy     | 27 | 27.0
Dodging        | 17 | 17.0
Stealth        | |  2.1

Action                   |  1- 3 |  4- 6 |  7- 9 | 10-12 | 13-15 | 16-18 | 19-21 | 22-24 | 25-27 || total
-------------------------+-------+-------+-------+-------+-------+-------+-------+-------+-------++-------
Melee: Unarmed           |    32 |       |       |       |       |       |       |       |       ||    32
       Club              |    20 |    99 |       |       |       |       |       |       |       ||   119
       Halberd           |       |    20 |    65 |       |       |       |       |       |       ||    85
       Rapier            |       |       |    10 |       |       |       |       |       |       ||    10
       Short sword       |       |       |    31 |     3 |       |       |       |       |       ||    34
       Staff             |       |       |       |     8 |     4 |       |       |    13 |   472 ||   497
       Dagger            |       |       |       |       |    28 |   217 |   101 |   158 |    12 ||   516
       Headbutt          |       |       |       |       |       |       |       |    26 |    38 ||    64
 Cast: Sandblast         |    10 |    58 |   142 |   265 |   444 |    90 |       |       |       ||  1009
       Stone Arrow       |       |       |     9 |   151 |   756 |  1021 |   240 |    74 |       ||  2251
       Lee's Rapid Decon |       |       |       |     5 |    33 |   181 |       |    15 |     2 ||   236
       Petrify           |       |       |       |     4 |     3 |       |       |       |       ||     7
       Leda's Liquefacti |       |       |       |     2 |    11 |     1 |       |       |     2 ||    16
       Iron Shot         |       |       |       |       |       |       |   596 |   998 |  2492 ||  4086
       Tornado           |       |       |       |       |       |       |       |       |  1984 ||  1984
       Necromutation     |       |       |       |       |       |       |       |       |   401 ||   401
       Shatter           |       |       |       |       |       |       |       |       |     3 ||     3
Invok: Call Merchant     |       |       |       |       |     3 |     1 |     2 |     3 |    10 ||    19
       Cure Bad Mutation |       |       |       |       |       |       |       |       |     9 ||     9
       Request Jelly     |       |       |       |       |       |       |       |       |     4 ||     4
       Potion Petition   |       |       |       |       |       |       |       |       |     1 ||     1
       Bribe Branch      |       |       |       |       |       |       |       |       |     1 ||     1
 Abil: Fly               |       |       |       |       |     1 |       |       |       |       ||     1
Evoke: Wand              |       |       |       |       |     2 |       |       |       |    12 ||    14
       Staff of energy   |       |       |       |       |       |       |       |    35 |  6762 ||  6797
  Use: Scroll            |       |    10 |    10 |     8 |    18 |    14 |    11 |    25 |    83 ||   179
       Potion            |       |       |       |     2 |     7 |     4 |     1 |    11 |    70 ||    95
 Stab: Sleeping          |     2 |     3 |     3 |       |       |       |       |       |       ||     8
       Distracted        |       |       |       |       |       |     2 |       |       |       ||     2
       Invisible         |       |       |       |       |       |       |       |       |     1 ||     1
Armor: Robe              |    30 |    59 |    68 |   110 |    48 |    56 |       |       |       ||   371
       Troll leather arm |       |       |       |       |   377 |   538 |   442 |   512 |  1098 ||  2967
       Crystal plate arm |       |       |       |       |       |       |       |       |  6409 ||  6409
Dodge: Dodged            |    54 |    91 |    90 |   124 |   444 |   414 |   314 |   375 |  3236 ||  5142
       Repelled          |       |       |       |     5 |    49 |   116 |    95 |    31 |    80 ||   376
Block: Buckler           |       |       |       |       |    11 |   313 |   261 |   310 |  3737 ||  4632
       Reflection        |       |       |       |       |       |     2 |    77 |   106 |   429 ||   614
       Kite shield       |       |       |       |       |       |       |       |       |   268 ||   268

Table legend:
 A = Non-vault XP
 B = Vault XP
 C = Vault XP percentage of total XP
 D = Non-vault monster count
 E = Vault monster count
 F = Vault count percentage of total count
                 A         B        C        D         E       F
            +---------+---------+-------+---------+---------+-------
      Total | 4662598 | 2317798 |  33.2 |    6825 |    2031 |  22.9
            +---------+---------+-------+---------+---------+-------
        D:1 |      26 |       0 |   0.0 |      13 |       0 |   0.0
        D:2 |     190 |      38 |  16.7 |      25 |       7 |  21.9
        D:3 |     168 |     299 |  64.0 |      33 |       3 |   8.3
        D:4 |     320 |       0 |   0.0 |      11 |       0 |   0.0
        D:5 |     573 |     383 |  40.1 |      12 |       3 |  20.0
        D:6 |    1631 |     369 |  18.5 |      29 |       4 |  12.1
        D:7 |     534 |     197 |  26.9 |      28 |       8 |  22.2
        D:8 |     850 |       0 |   0.0 |      24 |       0 |   0.0
        D:9 |    1668 |       0 |   0.0 |      16 |       0 |   0.0
       D:10 |    1853 |    1824 |  49.6 |      32 |       2 |   5.9
       D:11 |    3465 |    2418 |  41.1 |      29 |      10 |  25.6
       D:12 |   13815 |    6253 |  31.2 |      41 |      38 |  48.1
       D:13 |    6152 |       0 |   0.0 |      34 |       0 |   0.0
       D:14 |    6862 |    7887 |  53.5 |      25 |      12 |  32.4
       D:15 |    8551 |    4224 |  33.1 |      29 |       6 |  17.1
     Lair:1 |    1002 |    1331 |  57.1 |       5 |       5 |  50.0
     Lair:2 |    5908 |     241 |   3.9 |      20 |       1 |   4.8
     Lair:3 |    2920 |    3020 |  50.8 |      20 |       4 |  16.7
     Lair:4 |    8738 |    4209 |  32.5 |      27 |      10 |  27.0
     Lair:5 |    5549 |    1375 |  19.9 |      30 |      15 |  33.3
     Lair:6 |   10848 |   21376 |  66.3 |      39 |      57 |  59.4
   Shoals:1 |   15807 |       0 |   0.0 |      25 |       0 |   0.0
   Shoals:2 |   14442 |       0 |   0.0 |      30 |       0 |   0.0
   Shoals:3 |   20874 |    8989 |  30.1 |      40 |      11 |  21.6
   Shoals:4 |   21943 |   19243 |  46.7 |      45 |      29 |  39.2
    Snake:1 |   16739 |       0 |   0.0 |      29 |       0 |   0.0
    Snake:2 |   22214 |       0 |   0.0 |      39 |       0 |   0.0
    Snake:3 |   10551 |    3216 |  23.4 |      24 |       3 |  11.1
    Snake:4 |   23924 |   51950 |  68.5 |      46 |      70 |  60.3
    Slime:1 |   19186 |       0 |   0.0 |      14 |       0 |   0.0
    Slime:2 |    7971 |       0 |   0.0 |      13 |       0 |   0.0
    Slime:3 |   16347 |   14953 |  47.8 |      38 |       1 |   2.6
    Slime:4 |   19205 |    3016 |  13.6 |      48 |       4 |   7.7
    Slime:5 |   18150 |   31543 |  63.5 |      32 |      13 |  28.9
      Orc:1 |    2880 |    3380 |  54.0 |      39 |      16 |  29.1
      Orc:2 |    3948 |    6125 |  60.8 |      22 |      55 |  71.4
      Elf:1 |   11325 |    7549 |  40.0 |      21 |      11 |  34.4
      Elf:2 |   12131 |   24806 |  67.2 |      20 |      31 |  60.8
      Elf:3 |   15268 |   48206 |  75.9 |      23 |      34 |  59.6
   Vaults:1 |   39200 |   17818 |  31.2 |      78 |      27 |  25.7
   Vaults:2 |   17855 |   31081 |  63.5 |      55 |      43 |  43.9
   Vaults:3 |   28943 |   43961 |  60.3 |      61 |      44 |  41.9
   Vaults:4 |   45399 |   52906 |  53.8 |      65 |      33 |  33.7
   Vaults:5 |   27794 |  120724 |  81.3 |      44 |      83 |  65.4
    Crypt:1 |   26411 |       0 |   0.0 |      37 |       0 |   0.0
    Crypt:2 |   29281 |       0 |   0.0 |      36 |       0 |   0.0
    Crypt:3 |       0 |   78688 | 100.0 |       0 |     122 | 100.0
     Tomb:1 |    7621 |  174646 |  95.8 |      30 |      55 |  64.7
     Tomb:2 |   15514 |   57482 |  78.7 |      29 |      47 |  61.8
   Depths:1 |   35559 |   18845 |  34.6 |      45 |      20 |  30.8
   Depths:2 |   21494 |   18979 |  46.9 |      28 |      30 |  51.7
   Depths:3 |    3456 |  153695 |  97.8 |       4 |     120 |  96.8
   Depths:4 |   31539 |   44676 |  58.6 |      32 |      68 |  68.0
   Depths:5 |   36922 |   24090 |  39.5 |      33 |      14 |  29.8
       Hell |   39424 |   32345 |  45.1 |      42 |      48 |  53.3
      Dis:1 |   65272 |       0 |   0.0 |     118 |       0 |   0.0
      Dis:2 |   32035 |       0 |   0.0 |      70 |       0 |   0.0
      Dis:3 |   58413 |       0 |   0.0 |     121 |       0 |   0.0
      Dis:4 |   87600 |   11972 |  12.0 |     140 |      24 |  14.6
      Dis:5 |   68161 |       0 |   0.0 |      91 |       0 |   0.0
      Dis:6 |   88586 |       0 |   0.0 |     134 |       0 |   0.0
      Dis:7 |  148410 |  107133 |  41.9 |     185 |      77 |  29.4
      Geh:1 |   29478 |       0 |   0.0 |      71 |       0 |   0.0
      Geh:2 |   34890 |       0 |   0.0 |      80 |       0 |   0.0
      Geh:3 |   25430 |       0 |   0.0 |      53 |       0 |   0.0
      Geh:4 |   92664 |       0 |   0.0 |     170 |       0 |   0.0
      Geh:5 |  126602 |       0 |   0.0 |     188 |       0 |   0.0
      Geh:6 |  112697 |       0 |   0.0 |     156 |       0 |   0.0
      Geh:7 |  126420 |   56632 |  30.9 |     171 |      42 |  19.7
      Coc:1 |   26963 |       0 |   0.0 |      61 |       0 |   0.0
      Coc:2 |   16278 |       0 |   0.0 |      51 |       0 |   0.0
      Coc:3 |    3608 |       0 |   0.0 |       8 |       0 |   0.0
      Coc:4 |    4619 |       0 |   0.0 |      14 |       0 |   0.0
      Coc:5 |     670 |       0 |   0.0 |       1 |       0 |   0.0
      Coc:6 |   68157 |       0 |   0.0 |      92 |       0 |   0.0
      Coc:7 |  128715 |   65152 |  33.6 |     125 |      55 |  30.6
      Tar:1 |  101563 |       0 |   0.0 |     118 |       0 |   0.0
      Tar:2 |   63849 |       0 |   0.0 |      71 |       0 |   0.0
      Tar:3 |  135453 |       0 |   0.0 |     199 |       0 |   0.0
      Tar:4 |   84161 |       0 |   0.0 |      93 |       0 |   0.0
      Tar:5 |   32654 |       0 |   0.0 |      38 |       0 |   0.0
      Tar:6 |   30874 |    5393 |  14.9 |      35 |       4 |  10.3
      Tar:7 |   80706 |   89676 |  52.6 |      93 |      76 |  45.0
      Zot:1 |   54647 |    1202 |   2.2 |      34 |       1 |   2.9
      Zot:2 |   42658 |   38501 |  47.4 |      32 |      41 |  56.2
      Zot:3 |   59567 |   49107 |  45.2 |      36 |      24 |  40.0
      Zot:4 |   51309 |       0 |   0.0 |      29 |       0 |   0.0
      Zot:5 |   53097 |  133353 |  71.5 |      27 |      36 |  57.1
    Abyss:1 |  106738 |     801 |   0.7 |     169 |       3 |   1.7
    Abyss:2 |   18008 |       0 |   0.0 |      29 |       0 |   0.0
    Abyss:3 |  149985 |   13057 |   8.0 |     270 |       6 |   2.2
    Abyss:4 |   40924 |   11380 |  21.8 |      88 |      12 |  12.0
    Abyss:5 |     417 |   16592 |  97.5 |       1 |      15 |  93.8
        Pan |  845114 |  560101 |  39.9 |    1063 |     382 |  26.4
      Zig:1 |     813 |       0 |   0.0 |       2 |       0 |   0.0
      Zig:2 |    2569 |       0 |   0.0 |       2 |       0 |   0.0
      Zig:3 |       0 |    2399 | 100.0 |       0 |       4 | 100.0
      Zig:4 |    5824 |       0 |   0.0 |       4 |       0 |   0.0
      Zig:5 |    2241 |       0 |   0.0 |      18 |       0 |   0.0
      Zig:6 |    8989 |       0 |   0.0 |       6 |       0 |   0.0
      Zig:7 |    8614 |       0 |   0.0 |      13 |       0 |   0.0
      Zig:8 |    8771 |       0 |   0.0 |      13 |       0 |   0.0
      Zig:9 |   16525 |       0 |   0.0 |      13 |       0 |   0.0
     Zig:10 |   13212 |       0 |   0.0 |      21 |       0 |   0.0
     Zig:11 |   18608 |       0 |   0.0 |      20 |       0 |   0.0
     Zig:12 |   13272 |       0 |   0.0 |      25 |       0 |   0.0
     Zig:13 |   28886 |       0 |   0.0 |      10 |       0 |   0.0
     Zig:14 |   23873 |       0 |   0.0 |      30 |       0 |   0.0
     Zig:15 |   31925 |       0 |   0.0 |      37 |       0 |   0.0
     Zig:17 |   37304 |       0 |   0.0 |      37 |       0 |   0.0
     Zig:18 |   93664 |       0 |   0.0 |      27 |       0 |   0.0
     Zig:19 |   74892 |       0 |   0.0 |      34 |       0 |   0.0
     Zig:20 |   41099 |       0 |   0.0 |      79 |       0 |   0.0
     Zig:21 |   42544 |       0 |   0.0 |      51 |       0 |   0.0
     Zig:22 |   70222 |       0 |   0.0 |      61 |       0 |   0.0
     Zig:23 |   52514 |       0 |   0.0 |     103 |       0 |   0.0
     Zig:24 |    7905 |       0 |   0.0 |       5 |       0 |   0.0
   Gauntlet |       0 |    6991 | 100.0 |       0 |      12 | 100.0
            +---------+---------+-------+---------+---------+-------
